 Dungeon Crawl Stone Soup version 0.31-a0-702-gf82c85558f (webtiles) character file.

Game seed: 2845873842419380553

656 qw the Skirmisher (level 7, 43/43 HPs)
             Began as a Gargoyle Hunter on Sept 8, 2023.
             Quit the game on level 6 of the Dungeon.
             The game lasted 00:11:33 (4586 turns).

qw the Skirmisher (Gargoyle Hunter)                 Turns: 4586, Time: 00:11:34

Health: 43/43      AC: 15    Str: 15    XL:     7   Next: 55%
Magic:  7/7        EV: 11    Int:  9    God:
Gold:   157        SH:  0    Dex: 15    Spells: 6/6 levels left

rFire   . . .        Y - +0 shortbow (drain)
rCold   . . .        (shield currently unavailable)
rNeg    + . .        a - +0 ring mail
rPois   inf          d - +0 helmet
rElec   +            (no cloak)
rCorr   .            b - +0 pair of gloves
SInv    +            e - +2 pair of boots
Will    .....        (no amulet)
Stlth   +            c - ring of see invisible
HPRegen 0.27/turn    (no ring)
MPRegen 0.10/turn

%: no passive effects
@: no status effects
A: sickness immunity, AC +4, negative energy resistance 1, electricity
resistance, torment resistance 1, petrification resistance
a: no special abilities


You were on level 6 of the Dungeon.
You visited 1 branch of the dungeon, and saw 5 of its levels.

You collected 157 gold pieces.


Innate Abilities, Weirdness & Mutations

You are immune to sickness and miasma.
Your stone body is resilient. (AC +4)
You are immune to poison.
You resist negative energy. (rN+)
You are resistant to electric shocks. (rElec)
You are resistant to unholy torment.
You are immune to petrification.


   Skills:
 + Level 4.0 Fighting
 - Level 8.0 Ranged Weapons
 - Level 2.3 Armour
 - Level 1.5 Dodging
 - Level 1.1 Stealth


You had 6 spell levels left.
You didn't know any spells.
Your spell library was empty.

Inventory:

Hand Weapons
 g - a +2 heavy sling
 Y - a +0 shortbow of draining (weapon)
Armour
 a - a +0 ring mail (worn)
 b - a +0 pair of gloves (worn)
 d - a +0 helmet (worn)
 e - a +2 pair of boots (worn)
Jewellery
 c - a ring of see invisible (left hand)
Scrolls
 h - 2 scrolls of identify
Potions
 f - a potion of enlightenment
 j - a potion of might
 k - a potion of haste

Dungeon Overview and Level Annotations

Branches:
Dungeon (6/15)
 Temple: D:4-7

Altars:
Yredelemnul

Shops:
D:1 [=**!   D:3 =   D:4 =


Message History

Sorry, I don't know how to get there.
4573 ||| Stepping randomly (stuck).
What level of the Dungeon? (default 5, ? - help) Sorry, I don't know how to get there.
4574 ||| Stepping randomly (stuck).
What level of the Dungeon? (default 5, ? - help) Sorry, I don't know how to get there.
4575 ||| Stepping randomly (stuck).
What level of the Dungeon? (default 5, ? - help) Sorry, I don't know how to get there.
4576 ||| Stepping randomly (stuck).
What level of the Dungeon? (default 5, ? - help) Sorry, I don't know how to get there.
4577 ||| Stepping randomly (stuck).
What level of the Dungeon? (default 5, ? - help) Sorry, I don't know how to get there.
4578 ||| Stepping randomly (stuck).
What level of the Dungeon? (default 5, ? - help) Sorry, I don't know how to get there.
4579 ||| Stepping randomly (stuck).
What level of the Dungeon? (default 5, ? - help) Sorry, I don't know how to get there.
4580 ||| Stepping randomly (stuck).
What level of the Dungeon? (default 5, ? - help) Sorry, I don't know how to get there.
4581 ||| Stepping randomly (stuck).
What level of the Dungeon? (default 5, ? - help) Sorry, I don't know how to get there.
4582 ||| Stepping randomly (stuck).
What level of the Dungeon? (default 5, ? - help) Sorry, I don't know how to get there.
4583 ||| Stepping randomly (stuck).
What level of the Dungeon? (default 5, ? - help) Sorry, I don't know how to get there.
4584 ||| Stepping randomly (stuck).
What level of the Dungeon? (default 5, ? - help) Sorry, I don't know how to get there.
4585 ||| Stepping randomly (stuck).
Found a stone staircase leading down.
4586 ||| QUITTING!
Are you sure you want to abandon this character and quit the game? (Confirm with "yes".)

############# ............
........... ..........
....>.# #######.....# ..
.......@######...
#.#.#.#.......... ..
#.......... #
#############...%......
####...##.....#.......)...
.............##......##...
..(..........##......# ..
.............#.......# .
##.....##....'.......##


There were no monsters in sight!

Vanquished Creatures
  Sigmund (D:3)
  A sky beast (D:6)
  An ogre (D:4)
  A scorpion (D:4)
  An iguana (D:6)
  Terence (D:3)
  A sleepcap (D:6)
  Robin (D:3)
  3 gnolls (D:6)
  5 adders
  A shadow imp (D:6)
  2 white imps (D:6)
  2 worms (D:2)
  A dart slug (D:2)
  2 orcs
  2 endoplasms
  12 giant cockroaches
  9 hobgoblins
  3 jackals (D:3)
  3 quokkas
  3 ball pythons
  4 bats
  3 frilled lizards (D:2)
  17 goblins
  3 kobolds
  2 rats
  A spectral orc (D:4)
86 creatures vanquished.

Notes
Turn   | Place    | Note
-------+----------+-------------------------------------------
     0 | D:1      | qw the Gargoyle Hunter began the quest for the Orb.
     0 | D:1      | Reached XP level 1. HP: 12/12 MP: 1/1
     0 | D:1      | 0 ||| qw: Version: 0.3-a-76-g4403597
     0 | D:1      | 0 ||| qw: Game counter: 1027
     0 | D:1      | 0 ||| qw: Melee chars always use a shield: true
     0 | D:1      | 0 ||| qw: God list: Okawaru
     0 | D:1      | 0 ||| qw: Allow faded altars: false
     0 | D:1      | 0 ||| qw: Do Orc after clearing Dungeon:15 true
     0 | D:1      | 0 ||| qw: Do second Lair branch before Depths: true
     0 | D:1      | 0 ||| qw: Lair rune preference: random
     0 | D:1      | 0 ||| qw: Goals: Normal
     0 | D:1      | 0 ||| PLANNING D:1-11
    36 | D:1      | Found Muimuthy's Assorted Antiques.
    48 | D:1      | 48 ||| SHOPLISTING glowing ring mail (126 gold, have 0).
    48 | D:1      | 48 ||| SHOPLISTING grey potion (16 gold, have 0).
    48 | D:1      | 48 ||| SHOPLISTING pair of steaming gloves (171 gold, have
                  | 0).
    48 | D:1      | 48 ||| SHOPLISTING runed orcbow (117 gold, have 0).
    48 | D:1      | 48 ||| SHOPLISTING scroll labelled MOEME HEM PAL (18 gold,
                  | have 0).
    48 | D:1      | 48 ||| SHOPLISTING scroll labelled QAJAUM BATUE (18 gold,
                  | have 0).
    48 | D:1      | 48 ||| SHOPLISTING viscous blue potion (16 gold, have 0).
   202 | D:1      | Found Ynourax's Assorted Antiques.
   206 | D:1      | 206 ||| SHOPLISTING fizzy silvery potion (17 gold, have 8).
   206 | D:1      | 206 ||| SHOPLISTING scroll labelled HUFISO YCSI (19 gold,
                  | have 8).
   206 | D:1      | 206 ||| SHOPLISTING scroll labelled QOUGORIFES (19 gold,
                  | have 8).
   262 | D:1      | Found Heymua's Distillery.
   273 | D:1      | 273 ||| SHOPLISTING 2 potions of heal wounds (120 gold,
                  | have 8).
   273 | D:1      | 273 ||| SHOPLISTING potion of curing (36 gold, have 8).
   273 | D:1      | 273 ||| SHOPLISTING potion of enlightenment (60 gold, have
                  | 8).
   302 | D:1      | Reached XP level 2. HP: 17/17 MP: 2/2
   306 | D:1      | Found Bynux's Jewellery Boutique.
   317 | D:1      | 317 ||| SHOPLISTING +4 ring of protection (360 gold, have
                  | 8).
   317 | D:1      | 317 ||| SHOPLISTING amulet of faith (400 gold, have 8).
   317 | D:1      | 317 ||| SHOPLISTING ring of Happiness {rF+ Will+ SInv} (346
                  | gold, have 8).
   317 | D:1      | 317 ||| SHOPLISTING ring of protection from cold (250 gold,
                  | have 8).
   327 | D:1      | Found Xingaj's Antique Armour Shop.
   333 | D:1      | 333 ||| SHOPLISTING cloak (103 gold, have 13).
   333 | D:1      | 333 ||| SHOPLISTING dyed leather armour (115 gold, have
                  | 13).
   333 | D:1      | 333 ||| SHOPLISTING embroidered cloak (172 gold, have 13).
   333 | D:1      | 333 ||| SHOPLISTING ring mail (92 gold, have 13).
   628 | D:1      | 628 ||| UPGRADING to +2 pair of boots.
   722 | D:1      | 722 ||| READING scroll labelled QAOZOPP MEFFI.
   723 | D:1      | 723 ||| READING scroll labelled GITYBYNEST.
   724 | D:1      | 724 ||| READING 2 scrolls labelled RAFFUE VURYU.
   725 | D:1      | 725 ||| READING scroll of brand weapon.
   725 | D:1      | 725 ||| BRANDING +0 shortbow of freezing.
   726 | D:1      | 726 ||| READING 2 scrolls labelled QOUGORIFES.
   727 | D:1      | 727 ||| DRINKING 2 lumpy yellow potions.
   755 | D:1      | 755 ||| DROPPING scroll of butterflies.
   756 | D:1      | 756 ||| DROPPING potion of lignification.
   897 | D:2      | Reached skill level 5 in Ranged Weapons
   897 | D:2      | Reached XP level 3. HP: 19/21 MP: 3/3
  1188 | D:2      | Reached skill level 3 in Fighting
  1360 | D:2      | 1360 ||| UPGRADING to +0 pair of gloves.
  1365 | D:2      | 1365 ||| UPGRADING to +0 helmet.
  1370 | D:2      | 1370 ||| READING scroll labelled VESYXO MAUDI.
  1371 | D:2      | 1371 ||| READING scroll labelled QAJAUM BATUE.
  1387 | D:3      | Found Qippay's Jewellery Boutique.
  1393 | D:3      | 1393 ||| SHOPLISTING +4 ring of protection (504 gold, have
                  | 52).
  1393 | D:3      | 1393 ||| SHOPLISTING +6 ring of strength (504 gold, have
                  | 52).
  1393 | D:3      | 1393 ||| SHOPLISTING ring "Erumousi" {rF+ Dex+6} (700 gold,
                  | have 52).
  1393 | D:3      | 1393 ||| SHOPLISTING ring of Lumev {rN+ Dex+6} (660 gold,
                  | have 52).
  1393 | D:3      | 1393 ||| SHOPLISTING ring of resist corrosion (280 gold,
                  | have 52).
  1393 | D:3      | 1393 ||| SHOPLISTING ring of willpower (350 gold, have 52).
  1404 | D:3      | Reached skill level 1 in Armour
  1404 | D:3      | Reached XP level 4. HP: 27/28 MP: 4/4
  1431 | D:3      | Noticed Sigmund
  1449 | D:3      | Killed Sigmund
  1450 | D:3      | Reached skill level 6 in Ranged Weapons
  1450 | D:3      | Reached XP level 5. HP: 16/32 MP: 5/5
  1519 | D:3      | Reached XP level 6. HP: 37/37 MP: 6/6
  1548 | D:3      | Noticed Robin
  1552 | D:3      | Killed Robin
  1722 | D:3      | Noticed Terence
  1735 | D:3      | Killed Terence
  2056 | D:3      | 2056 ||| UPGRADING to +0 ring mail.
  2066 | D:3      | 2066 ||| DROPPING +0 leather armour.
  2067 | D:3      | 2067 ||| DROPPING ring of flight.
  2068 | D:3      | 2068 ||| READING scroll labelled FAETZI FIAG.
  2069 | D:3      | 2069 ||| READING scroll labelled HIJE BYILYECA.
  2070 | D:3      | 2070 ||| READING 5 scrolls of identify.
  2070 | D:3      | 2070 ||| IDENTIFYING red potion
  2071 | D:3      | 2071 ||| READING 4 scrolls of identify.
  2071 | D:3      | 2071 ||| IDENTIFYING viscous blue potion
  2079 | D:4      | Found Doggex Icali's Jewellery Shop.
  2095 | D:4      | 2095 ||| SHOPLISTING +6 ring of strength (432 gold, have
                  | 87).
  2095 | D:4      | 2095 ||| SHOPLISTING amulet of the acrobat (360 gold, have
                  | 87).
  2095 | D:4      | 2095 ||| SHOPLISTING ring "Hour" {rElec Dex+3 SInv} (423
                  | gold, have 87).
  2095 | D:4      | 2095 ||| SHOPLISTING ring of see invisible (180 gold, have
                  | 87).
  2095 | D:4      | 2095 ||| SHOPLISTING ring of willpower (300 gold, have 87).
  2135 | D:4      | 2135 ||| UPGRADING to ring of see invisible.
  2217 | D:4      | Reached skill level 7 in Ranged Weapons
  2217 | D:4      | Reached XP level 7. HP: 43/43 MP: 7/7
  2310 | D:4      | Found a basalt altar of Yredelemnul.
  2359 | D:4      | You fall into a shaft and drop 2 floors!
  2408 | D:6      | 2408 ||| READING scroll labelled XEGIASHRIH.
  2411 | D:6      | 2411 ||| Stepping randomly (stuck).
  2412 | D:6      | 2412 ||| Stepping randomly (stuck).
  2413 | D:6      | 2413 ||| Stepping randomly (stuck).
  2414 | D:6      | 2414 ||| Stepping randomly (stuck).
  2415 | D:6      | 2415 ||| Stepping randomly (stuck).
  2416 | D:6      | 2416 ||| Stepping randomly (stuck).
  2417 | D:6      | 2417 ||| Stepping randomly (stuck).
  2418 | D:6      | 2418 ||| Stepping randomly (stuck).
  2419 | D:6      | 2419 ||| Stepping randomly (stuck).
  2420 | D:6      | 2420 ||| Stepping randomly (stuck).
  2421 | D:6      | 2421 ||| Stepping randomly (stuck).
  2422 | D:6      | 2422 ||| Stepping randomly (stuck).
  2423 | D:6      | 2423 ||| Stepping randomly (stuck).
  2424 | D:6      | 2424 ||| Stepping randomly (stuck).
  2425 | D:6      | 2425 ||| Stepping randomly (stuck).
  2426 | D:6      | 2426 ||| Stepping randomly (stuck).
  2427 | D:6      | 2427 ||| Stepping randomly (stuck).
  2428 | D:6      | 2428 ||| Stepping randomly (stuck).
  2429 | D:6      | 2429 ||| Stepping randomly (stuck).
  2430 | D:6      | 2430 ||| Stepping randomly (stuck).
  2431 | D:6      | 2431 ||| Stepping randomly (stuck).
  2432 | D:6      | 2432 ||| Stepping randomly (stuck).
  2434 | D:6      | 2434 ||| READING 3 scrolls of identify.
  2434 | D:6      | 2434 ||| IDENTIFYING fuming yellow potion
  2435 | D:6      | 2435 ||| Stepping randomly (stuck).
  2436 | D:6      | 2436 ||| Stepping randomly (stuck).
  2437 | D:6      | 2437 ||| Stepping randomly (stuck).
  2438 | D:6      | 2438 ||| Stepping randomly (stuck).
  2439 | D:6      | 2439 ||| Stepping randomly (stuck).
  2440 | D:6      | 2440 ||| Stepping randomly (stuck).
  2441 | D:6      | 2441 ||| Stepping randomly (stuck).
  2442 | D:6      | 2442 ||| Stepping randomly (stuck).
  2443 | D:6      | 2443 ||| Stepping randomly (stuck).
  2444 | D:6      | 2444 ||| Stepping randomly (stuck).
  2445 | D:6      | 2445 ||| Stepping randomly (stuck).
  2446 | D:6      | 2446 ||| Stepping randomly (stuck).
  2447 | D:6      | 2447 ||| Stepping randomly (stuck).
  2448 | D:6      | 2448 ||| Stepping randomly (stuck).
  2449 | D:6      | 2449 ||| Stepping randomly (stuck).
  2450 | D:6      | 2450 ||| Stepping randomly (stuck).
  2451 | D:6      | 2451 ||| Stepping randomly (stuck).
  2452 | D:6      | 2452 ||| Stepping randomly (stuck).
  2453 | D:6      | 2453 ||| Stepping randomly (stuck).
  2454 | D:6      | 2454 ||| Stepping randomly (stuck).
  2455 | D:6      | 2455 ||| Stepping randomly (stuck).
  2456 | D:6      | 2456 ||| Stepping randomly (stuck).
  2457 | D:6      | 2457 ||| Stepping randomly (stuck).
  2458 | D:6      | 2458 ||| Stepping randomly (stuck).
  2459 | D:6      | 2459 ||| Stepping randomly (stuck).
  2460 | D:6      | 2460 ||| Stepping randomly (stuck).
  2461 | D:6      | 2461 ||| Stepping randomly (stuck).
  2462 | D:6      | 2462 ||| Stepping randomly (stuck).
  2463 | D:6      | 2463 ||| Stepping randomly (stuck).
  2464 | D:6      | 2464 ||| Stepping randomly (stuck).
  2465 | D:6      | 2465 ||| Stepping randomly (stuck).
  2466 | D:6      | 2466 ||| Stepping randomly (stuck).
  2467 | D:6      | 2467 ||| Stepping randomly (stuck).
  2468 | D:6      | 2468 ||| Stepping randomly (stuck).
  2469 | D:6      | 2469 ||| Stepping randomly (stuck).
  2470 | D:6      | 2470 ||| Stepping randomly (stuck).
  2471 | D:6      | 2471 ||| Stepping randomly (stuck).
  2472 | D:6      | 2472 ||| Stepping randomly (stuck).
  2473 | D:6      | 2473 ||| Stepping randomly (stuck).
  2474 | D:6      | 2474 ||| Stepping randomly (stuck).
  2475 | D:6      | 2475 ||| Stepping randomly (stuck).
  2476 | D:6      | 2476 ||| Stepping randomly (stuck).
  2477 | D:6      | 2477 ||| Stepping randomly (stuck).
  2478 | D:6      | 2478 ||| Stepping randomly (stuck).
  2479 | D:6      | 2479 ||| Stepping randomly (stuck).
  2480 | D:6      | 2480 ||| Stepping randomly (stuck).
  2481 | D:6      | 2481 ||| Stepping randomly (stuck).
  2482 | D:6      | 2482 ||| Stepping randomly (stuck).
  2483 | D:6      | 2483 ||| Stepping randomly (stuck).
  2484 | D:6      | 2484 ||| Stepping randomly (stuck).
  2485 | D:6      | 2485 ||| Stepping randomly (stuck).
  2486 | D:6      | 2486 ||| Stepping randomly (stuck).
  2487 | D:6      | 2487 ||| Stepping randomly (stuck).
  2488 | D:6      | 2488 ||| Stepping randomly (stuck).
  2489 | D:6      | 2489 ||| Stepping randomly (stuck).
  2490 | D:6      | 2490 ||| Stepping randomly (stuck).
  2491 | D:6      | 2491 ||| Stepping randomly (stuck).
  2492 | D:6      | 2492 ||| Stepping randomly (stuck).
  2493 | D:6      | 2493 ||| Stepping randomly (stuck).
  2495 | D:6      | 2495 ||| Stepping randomly (stuck).
  2496 | D:6      | 2496 ||| Stepping randomly (stuck).
  2497 | D:6      | 2497 ||| Stepping randomly (stuck).
  2498 | D:6      | 2498 ||| Stepping randomly (stuck).
  2499 | D:6      | 2499 ||| Stepping randomly (stuck).
  2500 | D:6      | 2500 ||| Stepping randomly (stuck).
  2501 | D:6      | 2501 ||| Stepping randomly (stuck).
  2502 | D:6      | 2502 ||| Stepping randomly (stuck).
  2503 | D:6      | 2503 ||| Stepping randomly (stuck).
  2504 | D:6      | 2504 ||| Stepping randomly (stuck).
  2505 | D:6      | 2505 ||| Stepping randomly (stuck).
  2506 | D:6      | 2506 ||| Stepping randomly (stuck).
  2507 | D:6      | 2507 ||| Stepping randomly (stuck).
  2508 | D:6      | 2508 ||| Stepping randomly (stuck).
  2509 | D:6      | 2509 ||| Stepping randomly (stuck).
  2510 | D:6      | 2510 ||| Stepping randomly (stuck).
  2511 | D:6      | 2511 ||| Stepping randomly (stuck).
  2512 | D:6      | 2512 ||| Stepping randomly (stuck).
  2513 | D:6      | 2513 ||| Stepping randomly (stuck).
  2514 | D:6      | 2514 ||| Stepping randomly (stuck).
  2515 | D:6      | 2515 ||| Stepping randomly (stuck).
  2516 | D:6      | 2516 ||| Stepping randomly (stuck).
  2517 | D:6      | 2517 ||| Stepping randomly (stuck).
  2518 | D:6      | 2518 ||| Stepping randomly (stuck).
  2519 | D:6      | 2519 ||| Stepping randomly (stuck).
  2520 | D:6      | 2520 ||| Stepping randomly (stuck).
  2521 | D:6      | 2521 ||| Stepping randomly (stuck).
  2522 | D:6      | 2522 ||| Stepping randomly (stuck).
  2523 | D:6      | 2523 ||| Stepping randomly (stuck).
  2524 | D:6      | 2524 ||| Stepping randomly (stuck).
  2525 | D:6      | 2525 ||| Stepping randomly (stuck).
  2526 | D:6      | 2526 ||| Stepping randomly (stuck).
  2527 | D:6      | 2527 ||| Stepping randomly (stuck).
  2528 | D:6      | 2528 ||| Stepping randomly (stuck).
  2529 | D:6      | 2529 ||| Stepping randomly (stuck).
  2530 | D:6      | 2530 ||| Stepping randomly (stuck).
  2531 | D:6      | 2531 ||| Stepping randomly (stuck).
  2532 | D:6      | 2532 ||| Stepping randomly (stuck).
  2533 | D:6      | 2533 ||| Stepping randomly (stuck).
  2534 | D:6      | 2534 ||| Stepping randomly (stuck).
  2535 | D:6      | 2535 ||| Stepping randomly (stuck).
  2536 | D:6      | 2536 ||| Stepping randomly (stuck).
  2537 | D:6      | 2537 ||| Stepping randomly (stuck).
  2538 | D:6      | 2538 ||| Stepping randomly (stuck).
  2539 | D:6      | 2539 ||| Stepping randomly (stuck).
  2540 | D:6      | 2540 ||| Stepping randomly (stuck).
  2541 | D:6      | 2541 ||| Stepping randomly (stuck).
  2542 | D:6      | 2542 ||| Stepping randomly (stuck).
  2543 | D:6      | 2543 ||| Stepping randomly (stuck).
  2544 | D:6      | 2544 ||| Stepping randomly (stuck).
  2545 | D:6      | 2545 ||| Stepping randomly (stuck).
  2546 | D:6      | 2546 ||| Stepping randomly (stuck).
  2547 | D:6      | 2547 ||| Stepping randomly (stuck).
  2548 | D:6      | 2548 ||| Stepping randomly (stuck).
  2549 | D:6      | 2549 ||| Stepping randomly (stuck).
  2550 | D:6      | 2550 ||| Stepping randomly (stuck).
  2551 | D:6      | 2551 ||| Stepping randomly (stuck).
  2552 | D:6      | 2552 ||| Stepping randomly (stuck).
  2553 | D:6      | 2553 ||| Stepping randomly (stuck).
  2554 | D:6      | 2554 ||| Stepping randomly (stuck).
  2555 | D:6      | 2555 ||| Stepping randomly (stuck).
  2556 | D:6      | 2556 ||| Stepping randomly (stuck).
  2557 | D:6      | 2557 ||| Stepping randomly (stuck).
  2558 | D:6      | 2558 ||| Stepping randomly (stuck).
  2559 | D:6      | 2559 ||| Stepping randomly (stuck).
  2560 | D:6      | 2560 ||| Stepping randomly (stuck).
  2561 | D:6      | 2561 ||| Stepping randomly (stuck).
  2562 | D:6      | 2562 ||| Stepping randomly (stuck).
  2563 | D:6      | 2563 ||| Stepping randomly (stuck).
  2564 | D:6      | 2564 ||| Stepping randomly (stuck).
  2565 | D:6      | 2565 ||| Stepping randomly (stuck).
  2566 | D:6      | 2566 ||| Stepping randomly (stuck).
  2567 | D:6      | 2567 ||| Stepping randomly (stuck).
  2568 | D:6      | 2568 ||| Stepping randomly (stuck).
  2569 | D:6      | 2569 ||| Stepping randomly (stuck).
  2570 | D:6      | 2570 ||| Stepping randomly (stuck).
  2571 | D:6      | 2571 ||| Stepping randomly (stuck).
  2572 | D:6      | 2572 ||| Stepping randomly (stuck).
  2573 | D:6      | 2573 ||| Stepping randomly (stuck).
  2574 | D:6      | 2574 ||| Stepping randomly (stuck).
  2575 | D:6      | 2575 ||| Stepping randomly (stuck).
  2576 | D:6      | 2576 ||| Stepping randomly (stuck).
  2577 | D:6      | 2577 ||| Stepping randomly (stuck).
  2578 | D:6      | 2578 ||| Stepping randomly (stuck).
  2579 | D:6      | 2579 ||| Stepping randomly (stuck).
  2580 | D:6      | 2580 ||| Stepping randomly (stuck).
  2581 | D:6      | 2581 ||| Stepping randomly (stuck).
  2582 | D:6      | 2582 ||| Stepping randomly (stuck).
  2583 | D:6      | 2583 ||| Stepping randomly (stuck).
  2584 | D:6      | 2584 ||| Stepping randomly (stuck).
  2585 | D:6      | 2585 ||| Stepping randomly (stuck).
  2586 | D:6      | 2586 ||| Stepping randomly (stuck).
  2587 | D:6      | 2587 ||| Stepping randomly (stuck).
  2588 | D:6      | 2588 ||| Stepping randomly (stuck).
  2589 | D:6      | 2589 ||| Stepping randomly (stuck).
  2590 | D:6      | 2590 ||| Stepping randomly (stuck).
  2591 | D:6      | 2591 ||| Stepping randomly (stuck).
  2592 | D:6      | 2592 ||| Stepping randomly (stuck).
  2593 | D:6      | 2593 ||| Stepping randomly (stuck).
  2594 | D:6      | 2594 ||| Stepping randomly (stuck).
  2595 | D:6      | 2595 ||| Stepping randomly (stuck).
  2596 | D:6      | 2596 ||| Stepping randomly (stuck).
  2597 | D:6      | 2597 ||| Stepping randomly (stuck).
  2598 | D:6      | 2598 ||| Stepping randomly (stuck).
  2599 | D:6      | 2599 ||| Stepping randomly (stuck).
  2600 | D:6      | 2600 ||| Stepping randomly (stuck).
  2601 | D:6      | 2601 ||| Stepping randomly (stuck).
  2602 | D:6      | 2602 ||| Stepping randomly (stuck).
  2603 | D:6      | 2603 ||| Stepping randomly (stuck).
  2604 | D:6      | 2604 ||| Stepping randomly (stuck).
  2605 | D:6      | 2605 ||| Stepping randomly (stuck).
  2606 | D:6      | 2606 ||| Stepping randomly (stuck).
  2607 | D:6      | 2607 ||| Stepping randomly (stuck).
  2608 | D:6      | 2608 ||| Stepping randomly (stuck).
  2609 | D:6      | 2609 ||| Stepping randomly (stuck).
  2610 | D:6      | 2610 ||| Stepping randomly (stuck).
  2611 | D:6      | 2611 ||| Stepping randomly (stuck).
  2612 | D:6      | 2612 ||| Stepping randomly (stuck).
  2613 | D:6      | 2613 ||| Stepping randomly (stuck).
  2614 | D:6      | 2614 ||| Stepping randomly (stuck).
  2615 | D:6      | 2615 ||| Stepping randomly (stuck).
  2616 | D:6      | 2616 ||| Stepping randomly (stuck).
  2617 | D:6      | 2617 ||| Stepping randomly (stuck).
  2618 | D:6      | 2618 ||| Stepping randomly (stuck).
  2619 | D:6      | 2619 ||| Stepping randomly (stuck).
  2620 | D:6      | 2620 ||| Stepping randomly (stuck).
  2621 | D:6      | 2621 ||| Stepping randomly (stuck).
  2622 | D:6      | 2622 ||| Stepping randomly (stuck).
  2623 | D:6      | 2623 ||| Stepping randomly (stuck).
  2624 | D:6      | 2624 ||| Stepping randomly (stuck).
  2625 | D:6      | 2625 ||| Stepping randomly (stuck).
  2626 | D:6      | 2626 ||| Stepping randomly (stuck).
  2627 | D:6      | 2627 ||| Stepping randomly (stuck).
  2628 | D:6      | 2628 ||| Stepping randomly (stuck).
  2629 | D:6      | 2629 ||| Stepping randomly (stuck).
  2630 | D:6      | 2630 ||| Stepping randomly (stuck).
  2631 | D:6      | 2631 ||| Stepping randomly (stuck).
  2632 | D:6      | 2632 ||| Stepping randomly (stuck).
  2633 | D:6      | 2633 ||| Stepping randomly (stuck).
  2634 | D:6      | 2634 ||| Stepping randomly (stuck).
  2635 | D:6      | 2635 ||| Stepping randomly (stuck).
  2636 | D:6      | 2636 ||| Stepping randomly (stuck).
  2637 | D:6      | 2637 ||| Stepping randomly (stuck).
  2638 | D:6      | 2638 ||| Stepping randomly (stuck).
  2639 | D:6      | 2639 ||| Stepping randomly (stuck).
  2640 | D:6      | 2640 ||| Stepping randomly (stuck).
  2641 | D:6      | 2641 ||| Stepping randomly (stuck).
  2642 | D:6      | 2642 ||| Stepping randomly (stuck).
  2643 | D:6      | 2643 ||| Stepping randomly (stuck).
  2644 | D:6      | 2644 ||| Stepping randomly (stuck).
  2645 | D:6      | 2645 ||| Stepping randomly (stuck).
  2646 | D:6      | 2646 ||| Stepping randomly (stuck).
  2647 | D:6      | 2647 ||| Stepping randomly (stuck).
  2648 | D:6      | 2648 ||| Stepping randomly (stuck).
  2649 | D:6      | 2649 ||| Stepping randomly (stuck).
  2650 | D:6      | 2650 ||| Stepping randomly (stuck).
  2651 | D:6      | 2651 ||| Stepping randomly (stuck).
  2652 | D:6      | 2652 ||| Stepping randomly (stuck).
  2653 | D:6      | 2653 ||| Stepping randomly (stuck).
  2654 | D:6      | 2654 ||| Stepping randomly (stuck).
  2655 | D:6      | 2655 ||| Stepping randomly (stuck).
  2656 | D:6      | 2656 ||| Stepping randomly (stuck).
  2657 | D:6      | 2657 ||| Stepping randomly (stuck).
  2658 | D:6      | 2658 ||| Stepping randomly (stuck).
  2659 | D:6      | 2659 ||| Stepping randomly (stuck).
  2660 | D:6      | 2660 ||| Stepping randomly (stuck).
  2661 | D:6      | 2661 ||| Stepping randomly (stuck).
  2662 | D:6      | 2662 ||| Stepping randomly (stuck).
  2663 | D:6      | 2663 ||| Stepping randomly (stuck).
  2664 | D:6      | 2664 ||| Stepping randomly (stuck).
  2665 | D:6      | 2665 ||| Stepping randomly (stuck).
  2666 | D:6      | 2666 ||| Stepping randomly (stuck).
  2667 | D:6      | 2667 ||| Stepping randomly (stuck).
  2668 | D:6      | 2668 ||| Stepping randomly (stuck).
  2669 | D:6      | 2669 ||| Stepping randomly (stuck).
  2670 | D:6      | 2670 ||| Stepping randomly (stuck).
  2671 | D:6      | 2671 ||| Stepping randomly (stuck).
  2672 | D:6      | 2672 ||| Stepping randomly (stuck).
  2673 | D:6      | 2673 ||| Stepping randomly (stuck).
  2674 | D:6      | 2674 ||| Stepping randomly (stuck).
  2675 | D:6      | 2675 ||| Stepping randomly (stuck).
  2676 | D:6      | 2676 ||| Stepping randomly (stuck).
  2677 | D:6      | 2677 ||| Stepping randomly (stuck).
  2678 | D:6      | 2678 ||| Stepping randomly (stuck).
  2679 | D:6      | 2679 ||| Stepping randomly (stuck).
  2680 | D:6      | 2680 ||| Stepping randomly (stuck).
  2681 | D:6      | 2681 ||| Stepping randomly (stuck).
  2682 | D:6      | 2682 ||| Stepping randomly (stuck).
  2683 | D:6      | 2683 ||| Stepping randomly (stuck).
  2684 | D:6      | 2684 ||| Stepping randomly (stuck).
  2685 | D:6      | 2685 ||| Stepping randomly (stuck).
  2686 | D:6      | 2686 ||| Stepping randomly (stuck).
  2687 | D:6      | 2687 ||| Stepping randomly (stuck).
  2688 | D:6      | 2688 ||| Stepping randomly (stuck).
  2689 | D:6      | 2689 ||| Stepping randomly (stuck).
  2690 | D:6      | 2690 ||| Stepping randomly (stuck).
  2691 | D:6      | 2691 ||| Stepping randomly (stuck).
  2692 | D:6      | 2692 ||| Stepping randomly (stuck).
  2693 | D:6      | 2693 ||| Stepping randomly (stuck).
  2694 | D:6      | 2694 ||| Stepping randomly (stuck).
  2695 | D:6      | 2695 ||| Stepping randomly (stuck).
  2696 | D:6      | 2696 ||| Stepping randomly (stuck).
  2697 | D:6      | 2697 ||| Stepping randomly (stuck).
  2698 | D:6      | 2698 ||| Stepping randomly (stuck).
  2699 | D:6      | 2699 ||| Stepping randomly (stuck).
  2700 | D:6      | 2700 ||| Stepping randomly (stuck).
  2701 | D:6      | 2701 ||| Stepping randomly (stuck).
  2702 | D:6      | 2702 ||| Stepping randomly (stuck).
  2703 | D:6      | 2703 ||| Stepping randomly (stuck).
  2704 | D:6      | 2704 ||| Stepping randomly (stuck).
  2705 | D:6      | 2705 ||| Stepping randomly (stuck).
  2706 | D:6      | 2706 ||| Stepping randomly (stuck).
  2707 | D:6      | 2707 ||| Stepping randomly (stuck).
  2708 | D:6      | 2708 ||| Stepping randomly (stuck).
  2709 | D:6      | 2709 ||| Stepping randomly (stuck).
  2710 | D:6      | 2710 ||| Stepping randomly (stuck).
  2711 | D:6      | 2711 ||| Stepping randomly (stuck).
  2712 | D:6      | 2712 ||| Stepping randomly (stuck).
  2713 | D:6      | 2713 ||| Stepping randomly (stuck).
  2714 | D:6      | 2714 ||| Stepping randomly (stuck).
  2715 | D:6      | 2715 ||| Stepping randomly (stuck).
  2716 | D:6      | 2716 ||| Stepping randomly (stuck).
  2717 | D:6      | 2717 ||| Stepping randomly (stuck).
  2718 | D:6      | 2718 ||| Stepping randomly (stuck).
  2719 | D:6      | 2719 ||| Stepping randomly (stuck).
  2720 | D:6      | 2720 ||| Stepping randomly (stuck).
  2721 | D:6      | 2721 ||| Stepping randomly (stuck).
  2722 | D:6      | 2722 ||| Stepping randomly (stuck).
  2723 | D:6      | 2723 ||| Stepping randomly (stuck).
  2724 | D:6      | 2724 ||| Stepping randomly (stuck).
  2725 | D:6      | 2725 ||| Stepping randomly (stuck).
  2726 | D:6      | 2726 ||| Stepping randomly (stuck).
  2727 | D:6      | 2727 ||| Stepping randomly (stuck).
  2728 | D:6      | 2728 ||| Stepping randomly (stuck).
  2729 | D:6      | 2729 ||| Stepping randomly (stuck).
  2730 | D:6      | 2730 ||| Stepping randomly (stuck).
  2731 | D:6      | 2731 ||| Stepping randomly (stuck).
  2732 | D:6      | 2732 ||| Stepping randomly (stuck).
  2733 | D:6      | 2733 ||| Stepping randomly (stuck).
  2734 | D:6      | 2734 ||| Stepping randomly (stuck).
  2735 | D:6      | 2735 ||| Stepping randomly (stuck).
  2736 | D:6      | 2736 ||| Stepping randomly (stuck).
  2737 | D:6      | 2737 ||| Stepping randomly (stuck).
  2738 | D:6      | 2738 ||| Stepping randomly (stuck).
  2739 | D:6      | 2739 ||| Stepping randomly (stuck).
  2740 | D:6      | 2740 ||| Stepping randomly (stuck).
  2741 | D:6      | 2741 ||| Stepping randomly (stuck).
  2742 | D:6      | 2742 ||| Stepping randomly (stuck).
  2743 | D:6      | 2743 ||| Stepping randomly (stuck).
  2744 | D:6      | 2744 ||| Stepping randomly (stuck).
  2745 | D:6      | 2745 ||| Stepping randomly (stuck).
  2746 | D:6      | 2746 ||| Stepping randomly (stuck).
  2747 | D:6      | 2747 ||| Stepping randomly (stuck).
  2748 | D:6      | 2748 ||| Stepping randomly (stuck).
  2749 | D:6      | 2749 ||| Stepping randomly (stuck).
  2750 | D:6      | 2750 ||| Stepping randomly (stuck).
  2751 | D:6      | 2751 ||| Stepping randomly (stuck).
  2752 | D:6      | 2752 ||| Stepping randomly (stuck).
  2753 | D:6      | 2753 ||| Stepping randomly (stuck).
  2754 | D:6      | 2754 ||| Stepping randomly (stuck).
  2755 | D:6      | 2755 ||| Stepping randomly (stuck).
  2756 | D:6      | 2756 ||| Stepping randomly (stuck).
  2757 | D:6      | 2757 ||| Stepping randomly (stuck).
  2758 | D:6      | 2758 ||| Stepping randomly (stuck).
  2759 | D:6      | 2759 ||| Stepping randomly (stuck).
  2760 | D:6      | 2760 ||| Stepping randomly (stuck).
  2761 | D:6      | 2761 ||| Stepping randomly (stuck).
  2762 | D:6      | 2762 ||| Stepping randomly (stuck).
  2763 | D:6      | 2763 ||| Stepping randomly (stuck).
  2764 | D:6      | 2764 ||| Stepping randomly (stuck).
  2765 | D:6      | 2765 ||| Stepping randomly (stuck).
  2766 | D:6      | 2766 ||| Stepping randomly (stuck).
  2767 | D:6      | 2767 ||| Stepping randomly (stuck).
  2768 | D:6      | 2768 ||| Stepping randomly (stuck).
  2769 | D:6      | 2769 ||| Stepping randomly (stuck).
  2770 | D:6      | 2770 ||| Stepping randomly (stuck).
  2771 | D:6      | 2771 ||| Stepping randomly (stuck).
  2772 | D:6      | 2772 ||| Stepping randomly (stuck).
  2773 | D:6      | 2773 ||| Stepping randomly (stuck).
  2774 | D:6      | 2774 ||| Stepping randomly (stuck).
  2775 | D:6      | 2775 ||| Stepping randomly (stuck).
  2776 | D:6      | 2776 ||| Stepping randomly (stuck).
  2777 | D:6      | 2777 ||| Stepping randomly (stuck).
  2778 | D:6      | 2778 ||| Stepping randomly (stuck).
  2779 | D:6      | 2779 ||| Stepping randomly (stuck).
  2780 | D:6      | 2780 ||| Stepping randomly (stuck).
  2781 | D:6      | 2781 ||| Stepping randomly (stuck).
  2782 | D:6      | 2782 ||| Stepping randomly (stuck).
  2783 | D:6      | 2783 ||| Stepping randomly (stuck).
  2784 | D:6      | 2784 ||| Stepping randomly (stuck).
  2785 | D:6      | 2785 ||| Stepping randomly (stuck).
  2786 | D:6      | 2786 ||| Stepping randomly (stuck).
  2787 | D:6      | 2787 ||| Stepping randomly (stuck).
  2788 | D:6      | 2788 ||| Stepping randomly (stuck).
  2789 | D:6      | 2789 ||| Stepping randomly (stuck).
  2790 | D:6      | 2790 ||| Stepping randomly (stuck).
  2791 | D:6      | 2791 ||| Stepping randomly (stuck).
  2792 | D:6      | 2792 ||| Stepping randomly (stuck).
  2793 | D:6      | 2793 ||| Stepping randomly (stuck).
  2794 | D:6      | 2794 ||| Stepping randomly (stuck).
  2795 | D:6      | 2795 ||| Stepping randomly (stuck).
  2796 | D:6      | 2796 ||| Stepping randomly (stuck).
  2797 | D:6      | 2797 ||| Stepping randomly (stuck).
  2798 | D:6      | 2798 ||| Stepping randomly (stuck).
  2799 | D:6      | 2799 ||| Stepping randomly (stuck).
  2800 | D:6      | 2800 ||| Stepping randomly (stuck).
  2801 | D:6      | 2801 ||| Stepping randomly (stuck).
  2802 | D:6      | 2802 ||| Stepping randomly (stuck).
  2803 | D:6      | 2803 ||| Stepping randomly (stuck).
  2804 | D:6      | 2804 ||| Stepping randomly (stuck).
  2805 | D:6      | 2805 ||| Stepping randomly (stuck).
  2806 | D:6      | 2806 ||| Stepping randomly (stuck).
  2807 | D:6      | 2807 ||| Stepping randomly (stuck).
  2808 | D:6      | 2808 ||| Stepping randomly (stuck).
  2809 | D:6      | 2809 ||| Stepping randomly (stuck).
  2810 | D:6      | 2810 ||| Stepping randomly (stuck).
  2811 | D:6      | 2811 ||| Stepping randomly (stuck).
  2812 | D:6      | 2812 ||| Stepping randomly (stuck).
  2813 | D:6      | 2813 ||| Stepping randomly (stuck).
  2814 | D:6      | 2814 ||| Stepping randomly (stuck).
  2815 | D:6      | 2815 ||| Stepping randomly (stuck).
  2816 | D:6      | 2816 ||| Stepping randomly (stuck).
  2817 | D:6      | 2817 ||| Stepping randomly (stuck).
  2818 | D:6      | 2818 ||| Stepping randomly (stuck).
  2819 | D:6      | 2819 ||| Stepping randomly (stuck).
  2820 | D:6      | 2820 ||| Stepping randomly (stuck).
  2821 | D:6      | 2821 ||| Stepping randomly (stuck).
  2822 | D:6      | 2822 ||| Stepping randomly (stuck).
  2823 | D:6      | 2823 ||| Stepping randomly (stuck).
  2824 | D:6      | 2824 ||| Stepping randomly (stuck).
  2825 | D:6      | 2825 ||| Stepping randomly (stuck).
  2826 | D:6      | 2826 ||| Stepping randomly (stuck).
  2827 | D:6      | 2827 ||| Stepping randomly (stuck).
  2828 | D:6      | 2828 ||| Stepping randomly (stuck).
  2829 | D:6      | 2829 ||| Stepping randomly (stuck).
  2830 | D:6      | 2830 ||| Stepping randomly (stuck).
  2831 | D:6      | 2831 ||| Stepping randomly (stuck).
  2832 | D:6      | 2832 ||| Stepping randomly (stuck).
  2833 | D:6      | 2833 ||| Stepping randomly (stuck).
  2834 | D:6      | 2834 ||| Stepping randomly (stuck).
  2835 | D:6      | 2835 ||| Stepping randomly (stuck).
  2836 | D:6      | 2836 ||| Stepping randomly (stuck).
  2837 | D:6      | 2837 ||| Stepping randomly (stuck).
  2838 | D:6      | 2838 ||| Stepping randomly (stuck).
  2839 | D:6      | 2839 ||| Stepping randomly (stuck).
  2840 | D:6      | 2840 ||| Stepping randomly (stuck).
  2841 | D:6      | 2841 ||| Stepping randomly (stuck).
  2842 | D:6      | 2842 ||| Stepping randomly (stuck).
  2843 | D:6      | 2843 ||| Stepping randomly (stuck).
  2844 | D:6      | 2844 ||| Stepping randomly (stuck).
  2845 | D:6      | 2845 ||| Stepping randomly (stuck).
  2846 | D:6      | 2846 ||| Stepping randomly (stuck).
  2847 | D:6      | 2847 ||| Stepping randomly (stuck).
  2848 | D:6      | 2848 ||| Stepping randomly (stuck).
  2849 | D:6      | 2849 ||| Stepping randomly (stuck).
  2850 | D:6      | 2850 ||| Stepping randomly (stuck).
  2851 | D:6      | 2851 ||| Stepping randomly (stuck).
  2852 | D:6      | 2852 ||| Stepping randomly (stuck).
  2853 | D:6      | 2853 ||| Stepping randomly (stuck).
  2854 | D:6      | 2854 ||| Stepping randomly (stuck).
  2855 | D:6      | 2855 ||| Stepping randomly (stuck).
  2856 | D:6      | 2856 ||| Stepping randomly (stuck).
  2857 | D:6      | 2857 ||| Stepping randomly (stuck).
  2858 | D:6      | 2858 ||| Stepping randomly (stuck).
  2859 | D:6      | 2859 ||| Stepping randomly (stuck).
  2860 | D:6      | 2860 ||| Stepping randomly (stuck).
  2861 | D:6      | 2861 ||| Stepping randomly (stuck).
  2862 | D:6      | 2862 ||| Stepping randomly (stuck).
  2863 | D:6      | 2863 ||| Stepping randomly (stuck).
  2864 | D:6      | 2864 ||| Stepping randomly (stuck).
  2865 | D:6      | 2865 ||| Stepping randomly (stuck).
  2866 | D:6      | 2866 ||| Stepping randomly (stuck).
  2867 | D:6      | 2867 ||| Stepping randomly (stuck).
  2868 | D:6      | 2868 ||| Stepping randomly (stuck).
  2869 | D:6      | 2869 ||| Stepping randomly (stuck).
  2870 | D:6      | 2870 ||| Stepping randomly (stuck).
  2871 | D:6      | 2871 ||| Stepping randomly (stuck).
  2872 | D:6      | 2872 ||| Stepping randomly (stuck).
  2873 | D:6      | 2873 ||| Stepping randomly (stuck).
  2874 | D:6      | 2874 ||| Stepping randomly (stuck).
  2875 | D:6      | 2875 ||| Stepping randomly (stuck).
  2876 | D:6      | 2876 ||| Stepping randomly (stuck).
  2877 | D:6      | 2877 ||| Stepping randomly (stuck).
  2878 | D:6      | 2878 ||| Stepping randomly (stuck).
  2879 | D:6      | 2879 ||| Stepping randomly (stuck).
  2880 | D:6      | 2880 ||| Stepping randomly (stuck).
  2881 | D:6      | 2881 ||| Stepping randomly (stuck).
  2882 | D:6      | 2882 ||| Stepping randomly (stuck).
  2883 | D:6      | 2883 ||| Stepping randomly (stuck).
  2884 | D:6      | 2884 ||| Stepping randomly (stuck).
  2885 | D:6      | 2885 ||| Stepping randomly (stuck).
  2886 | D:6      | 2886 ||| Stepping randomly (stuck).
  2887 | D:6      | 2887 ||| Stepping randomly (stuck).
  2888 | D:6      | 2888 ||| Stepping randomly (stuck).
  2889 | D:6      | 2889 ||| Stepping randomly (stuck).
  2890 | D:6      | 2890 ||| Stepping randomly (stuck).
  2891 | D:6      | 2891 ||| Stepping randomly (stuck).
  2892 | D:6      | 2892 ||| Stepping randomly (stuck).
  2893 | D:6      | 2893 ||| Stepping randomly (stuck).
  2894 | D:6      | 2894 ||| Stepping randomly (stuck).
  2895 | D:6      | 2895 ||| Stepping randomly (stuck).
  2896 | D:6      | 2896 ||| Stepping randomly (stuck).
  2897 | D:6      | 2897 ||| Stepping randomly (stuck).
  2898 | D:6      | 2898 ||| Stepping randomly (stuck).
  2899 | D:6      | 2899 ||| Stepping randomly (stuck).
  2900 | D:6      | 2900 ||| Stepping randomly (stuck).
  2901 | D:6      | 2901 ||| Stepping randomly (stuck).
  2902 | D:6      | 2902 ||| Stepping randomly (stuck).
  2903 | D:6      | 2903 ||| Stepping randomly (stuck).
  2904 | D:6      | 2904 ||| Stepping randomly (stuck).
  2905 | D:6      | 2905 ||| Stepping randomly (stuck).
  2906 | D:6      | 2906 ||| Stepping randomly (stuck).
  2907 | D:6      | 2907 ||| Stepping randomly (stuck).
  2908 | D:6      | 2908 ||| Stepping randomly (stuck).
  2909 | D:6      | 2909 ||| Stepping randomly (stuck).
  2910 | D:6      | 2910 ||| Stepping randomly (stuck).
  2911 | D:6      | 2911 ||| Stepping randomly (stuck).
  2912 | D:6      | 2912 ||| Stepping randomly (stuck).
  2913 | D:6      | 2913 ||| Stepping randomly (stuck).
  2914 | D:6      | 2914 ||| Stepping randomly (stuck).
  2915 | D:6      | 2915 ||| Stepping randomly (stuck).
  2916 | D:6      | 2916 ||| Stepping randomly (stuck).
  2917 | D:6      | 2917 ||| Stepping randomly (stuck).
  2918 | D:6      | 2918 ||| Stepping randomly (stuck).
  2919 | D:6      | 2919 ||| Stepping randomly (stuck).
  2920 | D:6      | 2920 ||| Stepping randomly (stuck).
  2921 | D:6      | 2921 ||| Stepping randomly (stuck).
  2922 | D:6      | 2922 ||| Stepping randomly (stuck).
  2923 | D:6      | 2923 ||| Stepping randomly (stuck).
  2924 | D:6      | 2924 ||| Stepping randomly (stuck).
  2925 | D:6      | 2925 ||| Stepping randomly (stuck).
  2926 | D:6      | 2926 ||| Stepping randomly (stuck).
  2927 | D:6      | 2927 ||| Stepping randomly (stuck).
  2928 | D:6      | 2928 ||| Stepping randomly (stuck).
  2929 | D:6      | 2929 ||| Stepping randomly (stuck).
  2930 | D:6      | 2930 ||| Stepping randomly (stuck).
  2931 | D:6      | 2931 ||| Stepping randomly (stuck).
  2932 | D:6      | 2932 ||| Stepping randomly (stuck).
  2933 | D:6      | 2933 ||| Stepping randomly (stuck).
  2934 | D:6      | 2934 ||| Stepping randomly (stuck).
  2935 | D:6      | 2935 ||| Stepping randomly (stuck).
  2936 | D:6      | 2936 ||| Stepping randomly (stuck).
  2937 | D:6      | 2937 ||| Stepping randomly (stuck).
  2938 | D:6      | 2938 ||| Stepping randomly (stuck).
  2939 | D:6      | 2939 ||| Stepping randomly (stuck).
  2940 | D:6      | 2940 ||| Stepping randomly (stuck).
  2941 | D:6      | 2941 ||| Stepping randomly (stuck).
  2942 | D:6      | 2942 ||| Stepping randomly (stuck).
  2943 | D:6      | 2943 ||| Stepping randomly (stuck).
  2944 | D:6      | 2944 ||| Stepping randomly (stuck).
  2945 | D:6      | 2945 ||| Stepping randomly (stuck).
  2946 | D:6      | 2946 ||| Stepping randomly (stuck).
  2947 | D:6      | 2947 ||| Stepping randomly (stuck).
  2948 | D:6      | 2948 ||| Stepping randomly (stuck).
  2949 | D:6      | 2949 ||| Stepping randomly (stuck).
  2950 | D:6      | 2950 ||| Stepping randomly (stuck).
  2951 | D:6      | 2951 ||| Stepping randomly (stuck).
  2952 | D:6      | 2952 ||| Stepping randomly (stuck).
  2953 | D:6      | 2953 ||| Stepping randomly (stuck).
  2954 | D:6      | 2954 ||| Stepping randomly (stuck).
  2955 | D:6      | 2955 ||| Stepping randomly (stuck).
  2956 | D:6      | 2956 ||| Stepping randomly (stuck).
  2957 | D:6      | 2957 ||| Stepping randomly (stuck).
  2958 | D:6      | 2958 ||| Stepping randomly (stuck).
  2959 | D:6      | 2959 ||| Stepping randomly (stuck).
  2960 | D:6      | 2960 ||| Stepping randomly (stuck).
  2961 | D:6      | 2961 ||| Stepping randomly (stuck).
  2962 | D:6      | 2962 ||| Stepping randomly (stuck).
  2963 | D:6      | 2963 ||| Stepping randomly (stuck).
  2964 | D:6      | 2964 ||| Stepping randomly (stuck).
  2965 | D:6      | 2965 ||| Stepping randomly (stuck).
  2966 | D:6      | 2966 ||| Stepping randomly (stuck).
  2967 | D:6      | 2967 ||| Stepping randomly (stuck).
  2968 | D:6      | 2968 ||| Stepping randomly (stuck).
  2969 | D:6      | 2969 ||| Stepping randomly (stuck).
  2970 | D:6      | 2970 ||| Stepping randomly (stuck).
  2971 | D:6      | 2971 ||| Stepping randomly (stuck).
  2972 | D:6      | 2972 ||| Stepping randomly (stuck).
  2973 | D:6      | 2973 ||| Stepping randomly (stuck).
  2974 | D:6      | 2974 ||| Stepping randomly (stuck).
  2975 | D:6      | 2975 ||| Stepping randomly (stuck).
  2976 | D:6      | 2976 ||| Stepping randomly (stuck).
  2977 | D:6      | 2977 ||| Stepping randomly (stuck).
  2978 | D:6      | 2978 ||| Stepping randomly (stuck).
  2979 | D:6      | 2979 ||| Stepping randomly (stuck).
  2980 | D:6      | 2980 ||| Stepping randomly (stuck).
  2981 | D:6      | 2981 ||| Stepping randomly (stuck).
  2982 | D:6      | 2982 ||| Stepping randomly (stuck).
  2983 | D:6      | 2983 ||| Stepping randomly (stuck).
  2984 | D:6      | 2984 ||| Stepping randomly (stuck).
  2985 | D:6      | 2985 ||| Stepping randomly (stuck).
  2986 | D:6      | 2986 ||| Stepping randomly (stuck).
  2987 | D:6      | 2987 ||| Stepping randomly (stuck).
  2988 | D:6      | 2988 ||| Stepping randomly (stuck).
  2989 | D:6      | 2989 ||| Stepping randomly (stuck).
  2990 | D:6      | 2990 ||| Stepping randomly (stuck).
  2991 | D:6      | 2991 ||| Stepping randomly (stuck).
  2992 | D:6      | 2992 ||| Stepping randomly (stuck).
  2993 | D:6      | 2993 ||| Stepping randomly (stuck).
  2994 | D:6      | 2994 ||| Stepping randomly (stuck).
  2995 | D:6      | 2995 ||| Stepping randomly (stuck).
  2996 | D:6      | 2996 ||| Stepping randomly (stuck).
  2997 | D:6      | 2997 ||| Stepping randomly (stuck).
  2998 | D:6      | 2998 ||| Stepping randomly (stuck).
  2999 | D:6      | 2999 ||| Stepping randomly (stuck).
  3000 | D:6      | 3000 ||| Stepping randomly (stuck).
  3001 | D:6      | 3001 ||| Stepping randomly (stuck).
  3002 | D:6      | 3002 ||| Stepping randomly (stuck).
  3003 | D:6      | 3003 ||| Stepping randomly (stuck).
  3004 | D:6      | 3004 ||| Stepping randomly (stuck).
  3005 | D:6      | 3005 ||| Stepping randomly (stuck).
  3006 | D:6      | 3006 ||| Stepping randomly (stuck).
  3007 | D:6      | 3007 ||| Stepping randomly (stuck).
  3008 | D:6      | 3008 ||| Stepping randomly (stuck).
  3009 | D:6      | 3009 ||| Stepping randomly (stuck).
  3010 | D:6      | 3010 ||| Stepping randomly (stuck).
  3011 | D:6      | 3011 ||| Stepping randomly (stuck).
  3012 | D:6      | 3012 ||| Stepping randomly (stuck).
  3013 | D:6      | 3013 ||| Stepping randomly (stuck).
  3014 | D:6      | 3014 ||| Stepping randomly (stuck).
  3015 | D:6      | 3015 ||| Stepping randomly (stuck).
  3016 | D:6      | 3016 ||| Stepping randomly (stuck).
  3017 | D:6      | 3017 ||| Stepping randomly (stuck).
  3018 | D:6      | 3018 ||| Stepping randomly (stuck).
  3019 | D:6      | 3019 ||| Stepping randomly (stuck).
  3020 | D:6      | 3020 ||| Stepping randomly (stuck).
  3021 | D:6      | 3021 ||| Stepping randomly (stuck).
  3022 | D:6      | 3022 ||| Stepping randomly (stuck).
  3023 | D:6      | 3023 ||| Stepping randomly (stuck).
  3024 | D:6      | 3024 ||| Stepping randomly (stuck).
  3025 | D:6      | 3025 ||| Stepping randomly (stuck).
  3026 | D:6      | 3026 ||| Stepping randomly (stuck).
  3027 | D:6      | 3027 ||| Stepping randomly (stuck).
  3028 | D:6      | 3028 ||| Stepping randomly (stuck).
  3029 | D:6      | 3029 ||| Stepping randomly (stuck).
  3030 | D:6      | 3030 ||| Stepping randomly (stuck).
  3031 | D:6      | 3031 ||| Stepping randomly (stuck).
  3032 | D:6      | 3032 ||| Stepping randomly (stuck).
  3033 | D:6      | 3033 ||| Stepping randomly (stuck).
  3034 | D:6      | 3034 ||| Stepping randomly (stuck).
  3035 | D:6      | 3035 ||| Stepping randomly (stuck).
  3036 | D:6      | 3036 ||| Stepping randomly (stuck).
  3037 | D:6      | 3037 ||| Stepping randomly (stuck).
  3038 | D:6      | 3038 ||| Stepping randomly (stuck).
  3039 | D:6      | 3039 ||| Stepping randomly (stuck).
  3040 | D:6      | 3040 ||| Stepping randomly (stuck).
  3041 | D:6      | 3041 ||| Stepping randomly (stuck).
  3042 | D:6      | 3042 ||| Stepping randomly (stuck).
  3043 | D:6      | 3043 ||| Stepping randomly (stuck).
  3044 | D:6      | 3044 ||| Stepping randomly (stuck).
  3045 | D:6      | 3045 ||| Stepping randomly (stuck).
  3046 | D:6      | 3046 ||| Stepping randomly (stuck).
  3047 | D:6      | 3047 ||| Stepping randomly (stuck).
  3048 | D:6      | 3048 ||| Stepping randomly (stuck).
  3049 | D:6      | 3049 ||| Stepping randomly (stuck).
  3050 | D:6      | 3050 ||| Stepping randomly (stuck).
  3051 | D:6      | 3051 ||| Stepping randomly (stuck).
  3052 | D:6      | 3052 ||| Stepping randomly (stuck).
  3053 | D:6      | 3053 ||| Stepping randomly (stuck).
  3054 | D:6      | 3054 ||| Stepping randomly (stuck).
  3055 | D:6      | 3055 ||| Stepping randomly (stuck).
  3056 | D:6      | 3056 ||| Stepping randomly (stuck).
  3057 | D:6      | 3057 ||| Stepping randomly (stuck).
  3058 | D:6      | 3058 ||| Stepping randomly (stuck).
  3059 | D:6      | 3059 ||| Stepping randomly (stuck).
  3060 | D:6      | 3060 ||| Stepping randomly (stuck).
  3061 | D:6      | 3061 ||| Stepping randomly (stuck).
  3062 | D:6      | 3062 ||| Stepping randomly (stuck).
  3063 | D:6      | 3063 ||| Stepping randomly (stuck).
  3064 | D:6      | 3064 ||| Stepping randomly (stuck).
  3065 | D:6      | 3065 ||| Stepping randomly (stuck).
  3066 | D:6      | 3066 ||| Stepping randomly (stuck).
  3067 | D:6      | 3067 ||| Stepping randomly (stuck).
  3068 | D:6      | 3068 ||| Stepping randomly (stuck).
  3069 | D:6      | 3069 ||| Stepping randomly (stuck).
  3070 | D:6      | 3070 ||| Stepping randomly (stuck).
  3071 | D:6      | 3071 ||| Stepping randomly (stuck).
  3072 | D:6      | 3072 ||| Stepping randomly (stuck).
  3073 | D:6      | 3073 ||| Stepping randomly (stuck).
  3074 | D:6      | 3074 ||| Stepping randomly (stuck).
  3075 | D:6      | 3075 ||| Stepping randomly (stuck).
  3076 | D:6      | 3076 ||| Stepping randomly (stuck).
  3077 | D:6      | 3077 ||| Stepping randomly (stuck).
  3078 | D:6      | 3078 ||| Stepping randomly (stuck).
  3079 | D:6      | 3079 ||| Stepping randomly (stuck).
  3080 | D:6      | 3080 ||| Stepping randomly (stuck).
  3081 | D:6      | 3081 ||| Stepping randomly (stuck).
  3082 | D:6      | 3082 ||| Stepping randomly (stuck).
  3083 | D:6      | 3083 ||| Stepping randomly (stuck).
  3084 | D:6      | 3084 ||| Stepping randomly (stuck).
  3085 | D:6      | 3085 ||| Stepping randomly (stuck).
  3086 | D:6      | 3086 ||| Stepping randomly (stuck).
  3087 | D:6      | 3087 ||| Stepping randomly (stuck).
  3088 | D:6      | 3088 ||| Stepping randomly (stuck).
  3089 | D:6      | 3089 ||| Stepping randomly (stuck).
  3090 | D:6      | 3090 ||| Stepping randomly (stuck).
  3091 | D:6      | 3091 ||| Stepping randomly (stuck).
  3092 | D:6      | 3092 ||| Stepping randomly (stuck).
  3093 | D:6      | 3093 ||| Stepping randomly (stuck).
  3094 | D:6      | 3094 ||| Stepping randomly (stuck).
  3095 | D:6      | 3095 ||| Stepping randomly (stuck).
  3096 | D:6      | 3096 ||| Stepping randomly (stuck).
  3097 | D:6      | 3097 ||| Stepping randomly (stuck).
  3098 | D:6      | 3098 ||| Stepping randomly (stuck).
  3099 | D:6      | 3099 ||| Stepping randomly (stuck).
  3100 | D:6      | 3100 ||| Stepping randomly (stuck).
  3101 | D:6      | 3101 ||| Stepping randomly (stuck).
  3109 | D:6      | 3109 ||| Stepping randomly (stuck).
  3110 | D:6      | 3110 ||| Stepping randomly (stuck).
  3111 | D:6      | 3111 ||| Stepping randomly (stuck).
  3112 | D:6      | 3112 ||| Stepping randomly (stuck).
  3113 | D:6      | 3113 ||| Stepping randomly (stuck).
  3114 | D:6      | 3114 ||| Stepping randomly (stuck).
  3115 | D:6      | 3115 ||| Stepping randomly (stuck).
  3116 | D:6      | 3116 ||| Stepping randomly (stuck).
  3117 | D:6      | 3117 ||| Stepping randomly (stuck).
  3118 | D:6      | 3118 ||| Stepping randomly (stuck).
  3119 | D:6      | 3119 ||| Stepping randomly (stuck).
  3120 | D:6      | 3120 ||| Stepping randomly (stuck).
  3121 | D:6      | 3121 ||| Stepping randomly (stuck).
  3122 | D:6      | 3122 ||| Stepping randomly (stuck).
  3123 | D:6      | 3123 ||| Stepping randomly (stuck).
  3124 | D:6      | 3124 ||| Stepping randomly (stuck).
  3125 | D:6      | 3125 ||| Stepping randomly (stuck).
  3126 | D:6      | 3126 ||| Stepping randomly (stuck).
  3127 | D:6      | 3127 ||| Stepping randomly (stuck).
  3128 | D:6      | 3128 ||| Stepping randomly (stuck).
  3129 | D:6      | 3129 ||| Stepping randomly (stuck).
  3130 | D:6      | 3130 ||| Stepping randomly (stuck).
  3131 | D:6      | 3131 ||| Stepping randomly (stuck).
  3132 | D:6      | 3132 ||| Stepping randomly (stuck).
  3133 | D:6      | 3133 ||| Stepping randomly (stuck).
  3134 | D:6      | 3134 ||| Stepping randomly (stuck).
  3135 | D:6      | 3135 ||| Stepping randomly (stuck).
  3136 | D:6      | 3136 ||| Stepping randomly (stuck).
  3137 | D:6      | 3137 ||| Stepping randomly (stuck).
  3138 | D:6      | 3138 ||| Stepping randomly (stuck).
  3139 | D:6      | 3139 ||| Stepping randomly (stuck).
  3140 | D:6      | 3140 ||| Stepping randomly (stuck).
  3141 | D:6      | 3141 ||| Stepping randomly (stuck).
  3142 | D:6      | 3142 ||| Stepping randomly (stuck).
  3143 | D:6      | 3143 ||| Stepping randomly (stuck).
  3144 | D:6      | 3144 ||| Stepping randomly (stuck).
  3145 | D:6      | 3145 ||| Stepping randomly (stuck).
  3146 | D:6      | 3146 ||| Stepping randomly (stuck).
  3147 | D:6      | 3147 ||| Stepping randomly (stuck).
  3148 | D:6      | 3148 ||| Stepping randomly (stuck).
  3149 | D:6      | 3149 ||| Stepping randomly (stuck).
  3150 | D:6      | 3150 ||| Stepping randomly (stuck).
  3151 | D:6      | 3151 ||| Stepping randomly (stuck).
  3152 | D:6      | 3152 ||| Stepping randomly (stuck).
  3157 | D:6      | 3157 ||| Stepping randomly (stuck).
  3158 | D:6      | 3158 ||| Stepping randomly (stuck).
  3159 | D:6      | 3159 ||| Stepping randomly (stuck).
  3160 | D:6      | 3160 ||| Stepping randomly (stuck).
  3161 | D:6      | 3161 ||| Stepping randomly (stuck).
  3162 | D:6      | 3162 ||| Stepping randomly (stuck).
  3163 | D:6      | 3163 ||| Stepping randomly (stuck).
  3164 | D:6      | 3164 ||| Stepping randomly (stuck).
  3165 | D:6      | 3165 ||| Stepping randomly (stuck).
  3167 | D:6      | 3167 ||| Stepping randomly (stuck).
  3168 | D:6      | 3168 ||| Stepping randomly (stuck).
  3169 | D:6      | 3169 ||| Stepping randomly (stuck).
  3170 | D:6      | 3170 ||| Stepping randomly (stuck).
  3171 | D:6      | 3171 ||| Stepping randomly (stuck).
  3172 | D:6      | 3172 ||| Stepping randomly (stuck).
  3173 | D:6      | 3173 ||| Stepping randomly (stuck).
  3181 | D:6      | 3181 ||| Stepping randomly (stuck).
  3184 | D:6      | 3184 ||| Stepping randomly (stuck).
  3186 | D:6      | 3186 ||| Stepping randomly (stuck).
  3187 | D:6      | 3187 ||| Stepping randomly (stuck).
  3188 | D:6      | 3188 ||| Stepping randomly (stuck).
  3189 | D:6      | 3189 ||| Stepping randomly (stuck).
  3190 | D:6      | 3190 ||| Stepping randomly (stuck).
  3191 | D:6      | 3191 ||| Stepping randomly (stuck).
  3192 | D:6      | 3192 ||| Stepping randomly (stuck).
  3193 | D:6      | 3193 ||| Stepping randomly (stuck).
  3194 | D:6      | 3194 ||| Stepping randomly (stuck).
  3195 | D:6      | 3195 ||| Stepping randomly (stuck).
  3196 | D:6      | 3196 ||| Stepping randomly (stuck).
  3197 | D:6      | 3197 ||| Stepping randomly (stuck).
  3198 | D:6      | 3198 ||| Stepping randomly (stuck).
  3199 | D:6      | 3199 ||| Stepping randomly (stuck).
  3200 | D:6      | 3200 ||| Stepping randomly (stuck).
  3201 | D:6      | 3201 ||| Stepping randomly (stuck).
  3202 | D:6      | 3202 ||| Stepping randomly (stuck).
  3203 | D:6      | 3203 ||| Stepping randomly (stuck).
  3204 | D:6      | 3204 ||| Stepping randomly (stuck).
  3205 | D:6      | 3205 ||| Stepping randomly (stuck).
  3206 | D:6      | 3206 ||| Stepping randomly (stuck).
  3207 | D:6      | 3207 ||| Stepping randomly (stuck).
  3208 | D:6      | 3208 ||| Stepping randomly (stuck).
  3209 | D:6      | 3209 ||| Stepping randomly (stuck).
  3210 | D:6      | 3210 ||| Stepping randomly (stuck).
  3211 | D:6      | 3211 ||| Stepping randomly (stuck).
  3212 | D:6      | 3212 ||| Stepping randomly (stuck).
  3213 | D:6      | 3213 ||| Stepping randomly (stuck).
  3214 | D:6      | 3214 ||| Stepping randomly (stuck).
  3215 | D:6      | 3215 ||| Stepping randomly (stuck).
  3216 | D:6      | 3216 ||| Stepping randomly (stuck).
  3217 | D:6      | 3217 ||| Stepping randomly (stuck).
  3218 | D:6      | 3218 ||| Stepping randomly (stuck).
  3219 | D:6      | 3219 ||| Stepping randomly (stuck).
  3220 | D:6      | 3220 ||| Stepping randomly (stuck).
  3221 | D:6      | 3221 ||| Stepping randomly (stuck).
  3222 | D:6      | 3222 ||| Stepping randomly (stuck).
  3223 | D:6      | 3223 ||| Stepping randomly (stuck).
  3224 | D:6      | 3224 ||| Stepping randomly (stuck).
  3225 | D:6      | 3225 ||| Stepping randomly (stuck).
  3226 | D:6      | 3226 ||| Stepping randomly (stuck).
  3227 | D:6      | 3227 ||| Stepping randomly (stuck).
  3228 | D:6      | 3228 ||| Stepping randomly (stuck).
  3229 | D:6      | 3229 ||| Stepping randomly (stuck).
  3230 | D:6      | 3230 ||| Stepping randomly (stuck).
  3231 | D:6      | 3231 ||| Stepping randomly (stuck).
  3232 | D:6      | 3232 ||| Stepping randomly (stuck).
  3233 | D:6      | 3233 ||| Stepping randomly (stuck).
  3234 | D:6      | 3234 ||| Stepping randomly (stuck).
  3235 | D:6      | 3235 ||| Stepping randomly (stuck).
  3236 | D:6      | 3236 ||| Stepping randomly (stuck).
  3237 | D:6      | 3237 ||| Stepping randomly (stuck).
  3238 | D:6      | 3238 ||| Stepping randomly (stuck).
  3239 | D:6      | 3239 ||| Stepping randomly (stuck).
  3240 | D:6      | 3240 ||| Stepping randomly (stuck).
  3241 | D:6      | 3241 ||| Stepping randomly (stuck).
  3242 | D:6      | 3242 ||| Stepping randomly (stuck).
  3243 | D:6      | 3243 ||| Stepping randomly (stuck).
  3244 | D:6      | 3244 ||| Stepping randomly (stuck).
  3245 | D:6      | 3245 ||| Stepping randomly (stuck).
  3246 | D:6      | 3246 ||| Stepping randomly (stuck).
  3247 | D:6      | 3247 ||| Stepping randomly (stuck).
  3248 | D:6      | 3248 ||| Stepping randomly (stuck).
  3249 | D:6      | 3249 ||| Stepping randomly (stuck).
  3250 | D:6      | 3250 ||| Stepping randomly (stuck).
  3251 | D:6      | 3251 ||| Stepping randomly (stuck).
  3252 | D:6      | 3252 ||| Stepping randomly (stuck).
  3253 | D:6      | 3253 ||| Stepping randomly (stuck).
  3254 | D:6      | 3254 ||| Stepping randomly (stuck).
  3255 | D:6      | 3255 ||| Stepping randomly (stuck).
  3256 | D:6      | 3256 ||| Stepping randomly (stuck).
  3257 | D:6      | 3257 ||| Stepping randomly (stuck).
  3258 | D:6      | 3258 ||| Stepping randomly (stuck).
  3259 | D:6      | 3259 ||| Stepping randomly (stuck).
  3260 | D:6      | 3260 ||| Stepping randomly (stuck).
  3261 | D:6      | 3261 ||| Stepping randomly (stuck).
  3262 | D:6      | 3262 ||| Stepping randomly (stuck).
  3263 | D:6      | 3263 ||| Stepping randomly (stuck).
  3264 | D:6      | 3264 ||| Stepping randomly (stuck).
  3265 | D:6      | 3265 ||| Stepping randomly (stuck).
  3266 | D:6      | 3266 ||| Stepping randomly (stuck).
  3267 | D:6      | 3267 ||| Stepping randomly (stuck).
  3268 | D:6      | 3268 ||| Stepping randomly (stuck).
  3269 | D:6      | 3269 ||| Stepping randomly (stuck).
  3270 | D:6      | 3270 ||| Stepping randomly (stuck).
  3271 | D:6      | 3271 ||| Stepping randomly (stuck).
  3272 | D:6      | 3272 ||| Stepping randomly (stuck).
  3273 | D:6      | 3273 ||| Stepping randomly (stuck).
  3274 | D:6      | 3274 ||| Stepping randomly (stuck).
  3275 | D:6      | 3275 ||| Stepping randomly (stuck).
  3276 | D:6      | 3276 ||| Stepping randomly (stuck).
  3277 | D:6      | 3277 ||| Stepping randomly (stuck).
  3278 | D:6      | 3278 ||| Stepping randomly (stuck).
  3279 | D:6      | 3279 ||| Stepping randomly (stuck).
  3280 | D:6      | 3280 ||| Stepping randomly (stuck).
  3281 | D:6      | 3281 ||| Stepping randomly (stuck).
  3282 | D:6      | 3282 ||| Stepping randomly (stuck).
  3283 | D:6      | 3283 ||| Stepping randomly (stuck).
  3284 | D:6      | 3284 ||| Stepping randomly (stuck).
  3285 | D:6      | 3285 ||| Stepping randomly (stuck).
  3286 | D:6      | 3286 ||| Stepping randomly (stuck).
  3287 | D:6      | 3287 ||| Stepping randomly (stuck).
  3288 | D:6      | 3288 ||| Stepping randomly (stuck).
  3289 | D:6      | 3289 ||| Stepping randomly (stuck).
  3290 | D:6      | 3290 ||| Stepping randomly (stuck).
  3291 | D:6      | 3291 ||| Stepping randomly (stuck).
  3293 | D:6      | 3293 ||| Stepping randomly (stuck).
  3294 | D:6      | 3294 ||| Stepping randomly (stuck).
  3295 | D:6      | 3295 ||| Stepping randomly (stuck).
  3296 | D:6      | 3296 ||| Stepping randomly (stuck).
  3297 | D:6      | 3297 ||| Stepping randomly (stuck).
  3298 | D:6      | 3298 ||| Stepping randomly (stuck).
  3299 | D:6      | 3299 ||| Stepping randomly (stuck).
  3300 | D:6      | 3300 ||| Stepping randomly (stuck).
  3301 | D:6      | 3301 ||| Stepping randomly (stuck).
  3302 | D:6      | 3302 ||| Stepping randomly (stuck).
  3303 | D:6      | 3303 ||| Stepping randomly (stuck).
  3304 | D:6      | 3304 ||| Stepping randomly (stuck).
  3305 | D:6      | 3305 ||| Stepping randomly (stuck).
  3306 | D:6      | 3306 ||| Stepping randomly (stuck).
  3307 | D:6      | 3307 ||| Stepping randomly (stuck).
  3308 | D:6      | 3308 ||| Stepping randomly (stuck).
  3309 | D:6      | 3309 ||| Stepping randomly (stuck).
  3310 | D:6      | 3310 ||| Stepping randomly (stuck).
  3311 | D:6      | 3311 ||| Stepping randomly (stuck).
  3312 | D:6      | 3312 ||| Stepping randomly (stuck).
  3313 | D:6      | 3313 ||| Stepping randomly (stuck).
  3314 | D:6      | 3314 ||| Stepping randomly (stuck).
  3315 | D:6      | 3315 ||| Stepping randomly (stuck).
  3316 | D:6      | 3316 ||| Stepping randomly (stuck).
  3317 | D:6      | 3317 ||| Stepping randomly (stuck).
  3318 | D:6      | 3318 ||| Stepping randomly (stuck).
  3319 | D:6      | 3319 ||| Stepping randomly (stuck).
  3320 | D:6      | 3320 ||| Stepping randomly (stuck).
  3321 | D:6      | 3321 ||| Stepping randomly (stuck).
  3322 | D:6      | 3322 ||| Stepping randomly (stuck).
  3323 | D:6      | 3323 ||| Stepping randomly (stuck).
  3324 | D:6      | 3324 ||| Stepping randomly (stuck).
  3325 | D:6      | 3325 ||| Stepping randomly (stuck).
  3326 | D:6      | 3326 ||| Stepping randomly (stuck).
  3327 | D:6      | 3327 ||| Stepping randomly (stuck).
  3328 | D:6      | 3328 ||| Stepping randomly (stuck).
  3329 | D:6      | 3329 ||| Stepping randomly (stuck).
  3330 | D:6      | 3330 ||| Stepping randomly (stuck).
  3331 | D:6      | 3331 ||| Stepping randomly (stuck).
  3332 | D:6      | 3332 ||| Stepping randomly (stuck).
  3333 | D:6      | 3333 ||| Stepping randomly (stuck).
  3334 | D:6      | 3334 ||| Stepping randomly (stuck).
  3335 | D:6      | 3335 ||| Stepping randomly (stuck).
  3336 | D:6      | 3336 ||| Stepping randomly (stuck).
  3337 | D:6      | 3337 ||| Stepping randomly (stuck).
  3338 | D:6      | 3338 ||| Stepping randomly (stuck).
  3339 | D:6      | 3339 ||| Stepping randomly (stuck).
  3340 | D:6      | 3340 ||| Stepping randomly (stuck).
  3341 | D:6      | 3341 ||| Stepping randomly (stuck).
  3342 | D:6      | 3342 ||| Stepping randomly (stuck).
  3343 | D:6      | 3343 ||| Stepping randomly (stuck).
  3344 | D:6      | 3344 ||| Stepping randomly (stuck).
  3345 | D:6      | 3345 ||| Stepping randomly (stuck).
  3346 | D:6      | 3346 ||| Stepping randomly (stuck).
  3347 | D:6      | 3347 ||| Stepping randomly (stuck).
  3348 | D:6      | 3348 ||| Stepping randomly (stuck).
  3349 | D:6      | 3349 ||| Stepping randomly (stuck).
  3350 | D:6      | 3350 ||| Stepping randomly (stuck).
  3351 | D:6      | 3351 ||| Stepping randomly (stuck).
  3352 | D:6      | 3352 ||| Stepping randomly (stuck).
  3353 | D:6      | 3353 ||| Stepping randomly (stuck).
  3354 | D:6      | 3354 ||| Stepping randomly (stuck).
  3355 | D:6      | 3355 ||| Stepping randomly (stuck).
  3356 | D:6      | 3356 ||| Stepping randomly (stuck).
  3357 | D:6      | 3357 ||| Stepping randomly (stuck).
  3358 | D:6      | 3358 ||| Stepping randomly (stuck).
  3359 | D:6      | 3359 ||| Stepping randomly (stuck).
  3360 | D:6      | 3360 ||| Stepping randomly (stuck).
  3361 | D:6      | 3361 ||| Stepping randomly (stuck).
  3362 | D:6      | 3362 ||| Stepping randomly (stuck).
  3363 | D:6      | 3363 ||| Stepping randomly (stuck).
  3364 | D:6      | 3364 ||| Stepping randomly (stuck).
  3365 | D:6      | 3365 ||| Stepping randomly (stuck).
  3366 | D:6      | 3366 ||| Stepping randomly (stuck).
  3367 | D:6      | 3367 ||| Stepping randomly (stuck).
  3368 | D:6      | 3368 ||| Stepping randomly (stuck).
  3369 | D:6      | 3369 ||| Stepping randomly (stuck).
  3370 | D:6      | 3370 ||| Stepping randomly (stuck).
  3371 | D:6      | 3371 ||| Stepping randomly (stuck).
  3372 | D:6      | 3372 ||| Stepping randomly (stuck).
  3373 | D:6      | 3373 ||| Stepping randomly (stuck).
  3374 | D:6      | 3374 ||| Stepping randomly (stuck).
  3375 | D:6      | 3375 ||| Stepping randomly (stuck).
  3376 | D:6      | 3376 ||| Stepping randomly (stuck).
  3377 | D:6      | 3377 ||| Stepping randomly (stuck).
  3378 | D:6      | 3378 ||| Stepping randomly (stuck).
  3379 | D:6      | 3379 ||| Stepping randomly (stuck).
  3380 | D:6      | 3380 ||| Stepping randomly (stuck).
  3381 | D:6      | 3381 ||| Stepping randomly (stuck).
  3382 | D:6      | 3382 ||| Stepping randomly (stuck).
  3383 | D:6      | 3383 ||| Stepping randomly (stuck).
  3384 | D:6      | 3384 ||| Stepping randomly (stuck).
  3385 | D:6      | 3385 ||| Stepping randomly (stuck).
  3386 | D:6      | 3386 ||| Stepping randomly (stuck).
  3387 | D:6      | 3387 ||| Stepping randomly (stuck).
  3388 | D:6      | 3388 ||| Stepping randomly (stuck).
  3389 | D:6      | 3389 ||| Stepping randomly (stuck).
  3390 | D:6      | 3390 ||| Stepping randomly (stuck).
  3391 | D:6      | 3391 ||| Stepping randomly (stuck).
  3392 | D:6      | 3392 ||| Stepping randomly (stuck).
  3393 | D:6      | 3393 ||| Stepping randomly (stuck).
  3394 | D:6      | 3394 ||| Stepping randomly (stuck).
  3395 | D:6      | 3395 ||| Stepping randomly (stuck).
  3396 | D:6      | 3396 ||| Stepping randomly (stuck).
  3397 | D:6      | 3397 ||| Stepping randomly (stuck).
  3398 | D:6      | 3398 ||| Stepping randomly (stuck).
  3399 | D:6      | 3399 ||| Stepping randomly (stuck).
  3400 | D:6      | 3400 ||| Stepping randomly (stuck).
  3401 | D:6      | 3401 ||| Stepping randomly (stuck).
  3402 | D:6      | 3402 ||| Stepping randomly (stuck).
  3403 | D:6      | 3403 ||| Stepping randomly (stuck).
  3404 | D:6      | 3404 ||| Stepping randomly (stuck).
  3405 | D:6      | 3405 ||| Stepping randomly (stuck).
  3406 | D:6      | 3406 ||| Stepping randomly (stuck).
  3407 | D:6      | 3407 ||| Stepping randomly (stuck).
  3408 | D:6      | 3408 ||| Stepping randomly (stuck).
  3409 | D:6      | 3409 ||| Stepping randomly (stuck).
  3410 | D:6      | 3410 ||| Stepping randomly (stuck).
  3411 | D:6      | 3411 ||| Stepping randomly (stuck).
  3412 | D:6      | 3412 ||| Stepping randomly (stuck).
  3413 | D:6      | 3413 ||| Stepping randomly (stuck).
  3414 | D:6      | 3414 ||| Stepping randomly (stuck).
  3415 | D:6      | 3415 ||| Stepping randomly (stuck).
  3416 | D:6      | 3416 ||| Stepping randomly (stuck).
  3417 | D:6      | 3417 ||| Stepping randomly (stuck).
  3418 | D:6      | 3418 ||| Stepping randomly (stuck).
  3419 | D:6      | 3419 ||| Stepping randomly (stuck).
  3420 | D:6      | 3420 ||| Stepping randomly (stuck).
  3421 | D:6      | 3421 ||| Stepping randomly (stuck).
  3422 | D:6      | 3422 ||| Stepping randomly (stuck).
  3423 | D:6      | 3423 ||| Stepping randomly (stuck).
  3424 | D:6      | 3424 ||| Stepping randomly (stuck).
  3425 | D:6      | 3425 ||| Stepping randomly (stuck).
  3426 | D:6      | 3426 ||| Stepping randomly (stuck).
  3427 | D:6      | 3427 ||| Stepping randomly (stuck).
  3428 | D:6      | 3428 ||| Stepping randomly (stuck).
  3429 | D:6      | 3429 ||| Stepping randomly (stuck).
  3430 | D:6      | 3430 ||| Stepping randomly (stuck).
  3431 | D:6      | 3431 ||| Stepping randomly (stuck).
  3432 | D:6      | 3432 ||| Stepping randomly (stuck).
  3433 | D:6      | 3433 ||| Stepping randomly (stuck).
  3434 | D:6      | 3434 ||| Stepping randomly (stuck).
  3435 | D:6      | 3435 ||| Stepping randomly (stuck).
  3436 | D:6      | 3436 ||| Stepping randomly (stuck).
  3437 | D:6      | 3437 ||| Stepping randomly (stuck).
  3438 | D:6      | 3438 ||| Stepping randomly (stuck).
  3439 | D:6      | 3439 ||| Stepping randomly (stuck).
  3440 | D:6      | 3440 ||| Stepping randomly (stuck).
  3441 | D:6      | 3441 ||| Stepping randomly (stuck).
  3442 | D:6      | 3442 ||| Stepping randomly (stuck).
  3443 | D:6      | 3443 ||| Stepping randomly (stuck).
  3444 | D:6      | 3444 ||| Stepping randomly (stuck).
  3445 | D:6      | 3445 ||| Stepping randomly (stuck).
  3446 | D:6      | 3446 ||| Stepping randomly (stuck).
  3447 | D:6      | 3447 ||| Stepping randomly (stuck).
  3448 | D:6      | 3448 ||| Stepping randomly (stuck).
  3449 | D:6      | 3449 ||| Stepping randomly (stuck).
  3450 | D:6      | 3450 ||| Stepping randomly (stuck).
  3451 | D:6      | 3451 ||| Stepping randomly (stuck).
  3452 | D:6      | 3452 ||| Stepping randomly (stuck).
  3453 | D:6      | 3453 ||| Stepping randomly (stuck).
  3454 | D:6      | 3454 ||| Stepping randomly (stuck).
  3477 | D:6      | 3477 ||| Stepping randomly (stuck).
  3478 | D:6      | 3478 ||| Stepping randomly (stuck).
  3479 | D:6      | 3479 ||| Stepping randomly (stuck).
  3480 | D:6      | 3480 ||| Stepping randomly (stuck).
  3481 | D:6      | 3481 ||| Stepping randomly (stuck).
  3482 | D:6      | 3482 ||| Stepping randomly (stuck).
  3483 | D:6      | 3483 ||| Stepping randomly (stuck).
  3484 | D:6      | 3484 ||| Stepping randomly (stuck).
  3485 | D:6      | 3485 ||| Stepping randomly (stuck).
  3486 | D:6      | 3486 ||| Stepping randomly (stuck).
  3487 | D:6      | 3487 ||| Stepping randomly (stuck).
  3488 | D:6      | 3488 ||| Stepping randomly (stuck).
  3489 | D:6      | 3489 ||| Stepping randomly (stuck).
  3490 | D:6      | 3490 ||| Stepping randomly (stuck).
  3491 | D:6      | 3491 ||| Stepping randomly (stuck).
  3492 | D:6      | 3492 ||| Stepping randomly (stuck).
  3493 | D:6      | 3493 ||| Stepping randomly (stuck).
  3494 | D:6      | 3494 ||| Stepping randomly (stuck).
  3495 | D:6      | 3495 ||| Stepping randomly (stuck).
  3496 | D:6      | 3496 ||| Stepping randomly (stuck).
  3497 | D:6      | 3497 ||| Stepping randomly (stuck).
  3498 | D:6      | 3498 ||| Stepping randomly (stuck).
  3499 | D:6      | 3499 ||| Stepping randomly (stuck).
  3500 | D:6      | 3500 ||| Stepping randomly (stuck).
  3501 | D:6      | 3501 ||| Stepping randomly (stuck).
  3502 | D:6      | 3502 ||| Stepping randomly (stuck).
  3503 | D:6      | 3503 ||| Stepping randomly (stuck).
  3504 | D:6      | 3504 ||| Stepping randomly (stuck).
  3505 | D:6      | 3505 ||| Stepping randomly (stuck).
  3506 | D:6      | 3506 ||| Stepping randomly (stuck).
  3507 | D:6      | 3507 ||| Stepping randomly (stuck).
  3508 | D:6      | 3508 ||| Stepping randomly (stuck).
  3509 | D:6      | 3509 ||| Stepping randomly (stuck).
  3510 | D:6      | 3510 ||| Stepping randomly (stuck).
  3511 | D:6      | 3511 ||| Stepping randomly (stuck).
  3512 | D:6      | 3512 ||| Stepping randomly (stuck).
  3513 | D:6      | 3513 ||| Stepping randomly (stuck).
  3514 | D:6      | 3514 ||| Stepping randomly (stuck).
  3515 | D:6      | 3515 ||| Stepping randomly (stuck).
  3516 | D:6      | 3516 ||| Stepping randomly (stuck).
  3517 | D:6      | 3517 ||| Stepping randomly (stuck).
  3518 | D:6      | 3518 ||| Stepping randomly (stuck).
  3519 | D:6      | 3519 ||| Stepping randomly (stuck).
  3520 | D:6      | 3520 ||| Stepping randomly (stuck).
  3521 | D:6      | 3521 ||| Stepping randomly (stuck).
  3522 | D:6      | 3522 ||| Stepping randomly (stuck).
  3523 | D:6      | 3523 ||| Stepping randomly (stuck).
  3524 | D:6      | 3524 ||| Stepping randomly (stuck).
  3525 | D:6      | 3525 ||| Stepping randomly (stuck).
  3526 | D:6      | 3526 ||| Stepping randomly (stuck).
  3527 | D:6      | 3527 ||| Stepping randomly (stuck).
  3528 | D:6      | 3528 ||| Stepping randomly (stuck).
  3529 | D:6      | 3529 ||| Stepping randomly (stuck).
  3530 | D:6      | 3530 ||| Stepping randomly (stuck).
  3531 | D:6      | 3531 ||| Stepping randomly (stuck).
  3532 | D:6      | 3532 ||| Stepping randomly (stuck).
  3533 | D:6      | 3533 ||| Stepping randomly (stuck).
  3534 | D:6      | 3534 ||| Stepping randomly (stuck).
  3535 | D:6      | 3535 ||| Stepping randomly (stuck).
  3536 | D:6      | 3536 ||| Stepping randomly (stuck).
  3537 | D:6      | 3537 ||| Stepping randomly (stuck).
  3538 | D:6      | 3538 ||| Stepping randomly (stuck).
  3539 | D:6      | 3539 ||| Stepping randomly (stuck).
  3540 | D:6      | 3540 ||| Stepping randomly (stuck).
  3541 | D:6      | 3541 ||| Stepping randomly (stuck).
  3542 | D:6      | 3542 ||| Stepping randomly (stuck).
  3543 | D:6      | 3543 ||| Stepping randomly (stuck).
  3544 | D:6      | 3544 ||| Stepping randomly (stuck).
  3545 | D:6      | 3545 ||| Stepping randomly (stuck).
  3546 | D:6      | 3546 ||| Stepping randomly (stuck).
  3547 | D:6      | 3547 ||| Stepping randomly (stuck).
  3548 | D:6      | 3548 ||| Stepping randomly (stuck).
  3549 | D:6      | 3549 ||| Stepping randomly (stuck).
  3550 | D:6      | 3550 ||| Stepping randomly (stuck).
  3551 | D:6      | 3551 ||| Stepping randomly (stuck).
  3552 | D:6      | 3552 ||| Stepping randomly (stuck).
  3553 | D:6      | 3553 ||| Stepping randomly (stuck).
  3554 | D:6      | 3554 ||| Stepping randomly (stuck).
  3555 | D:6      | 3555 ||| Stepping randomly (stuck).
  3556 | D:6      | 3556 ||| Stepping randomly (stuck).
  3557 | D:6      | 3557 ||| Stepping randomly (stuck).
  3558 | D:6      | 3558 ||| Stepping randomly (stuck).
  3559 | D:6      | 3559 ||| Stepping randomly (stuck).
  3560 | D:6      | 3560 ||| Stepping randomly (stuck).
  3561 | D:6      | 3561 ||| Stepping randomly (stuck).
  3562 | D:6      | 3562 ||| Stepping randomly (stuck).
  3563 | D:6      | 3563 ||| Stepping randomly (stuck).
  3564 | D:6      | 3564 ||| Stepping randomly (stuck).
  3565 | D:6      | 3565 ||| Stepping randomly (stuck).
  3566 | D:6      | 3566 ||| Stepping randomly (stuck).
  3567 | D:6      | 3567 ||| Stepping randomly (stuck).
  3568 | D:6      | 3568 ||| Stepping randomly (stuck).
  3569 | D:6      | 3569 ||| Stepping randomly (stuck).
  3570 | D:6      | 3570 ||| Stepping randomly (stuck).
  3571 | D:6      | 3571 ||| Stepping randomly (stuck).
  3572 | D:6      | 3572 ||| Stepping randomly (stuck).
  3573 | D:6      | 3573 ||| Stepping randomly (stuck).
  3574 | D:6      | 3574 ||| Stepping randomly (stuck).
  3575 | D:6      | 3575 ||| Stepping randomly (stuck).
  3576 | D:6      | 3576 ||| Stepping randomly (stuck).
  3577 | D:6      | 3577 ||| Stepping randomly (stuck).
  3578 | D:6      | 3578 ||| Stepping randomly (stuck).
  3579 | D:6      | 3579 ||| Stepping randomly (stuck).
  3580 | D:6      | 3580 ||| Stepping randomly (stuck).
  3581 | D:6      | 3581 ||| Stepping randomly (stuck).
  3582 | D:6      | 3582 ||| Stepping randomly (stuck).
  3583 | D:6      | 3583 ||| Stepping randomly (stuck).
  3584 | D:6      | 3584 ||| Stepping randomly (stuck).
  3585 | D:6      | 3585 ||| Stepping randomly (stuck).
  3586 | D:6      | 3586 ||| Stepping randomly (stuck).
  3587 | D:6      | 3587 ||| Stepping randomly (stuck).
  3588 | D:6      | 3588 ||| Stepping randomly (stuck).
  3589 | D:6      | 3589 ||| Stepping randomly (stuck).
  3590 | D:6      | 3590 ||| Stepping randomly (stuck).
  3591 | D:6      | 3591 ||| Stepping randomly (stuck).
  3592 | D:6      | 3592 ||| Stepping randomly (stuck).
  3593 | D:6      | 3593 ||| Stepping randomly (stuck).
  3594 | D:6      | 3594 ||| Stepping randomly (stuck).
  3595 | D:6      | 3595 ||| Stepping randomly (stuck).
  3596 | D:6      | 3596 ||| Stepping randomly (stuck).
  3597 | D:6      | 3597 ||| Stepping randomly (stuck).
  3598 | D:6      | 3598 ||| Stepping randomly (stuck).
  3599 | D:6      | 3599 ||| Stepping randomly (stuck).
  3600 | D:6      | 3600 ||| Stepping randomly (stuck).
  3601 | D:6      | 3601 ||| Stepping randomly (stuck).
  3602 | D:6      | 3602 ||| Stepping randomly (stuck).
  3603 | D:6      | 3603 ||| Stepping randomly (stuck).
  3604 | D:6      | 3604 ||| Stepping randomly (stuck).
  3605 | D:6      | 3605 ||| Stepping randomly (stuck).
  3606 | D:6      | 3606 ||| Stepping randomly (stuck).
  3607 | D:6      | 3607 ||| Stepping randomly (stuck).
  3608 | D:6      | 3608 ||| Stepping randomly (stuck).
  3609 | D:6      | 3609 ||| Stepping randomly (stuck).
  3610 | D:6      | 3610 ||| Stepping randomly (stuck).
  3611 | D:6      | 3611 ||| Stepping randomly (stuck).
  3612 | D:6      | 3612 ||| Stepping randomly (stuck).
  3613 | D:6      | 3613 ||| Stepping randomly (stuck).
  3614 | D:6      | 3614 ||| Stepping randomly (stuck).
  3615 | D:6      | 3615 ||| Stepping randomly (stuck).
  3616 | D:6      | 3616 ||| Stepping randomly (stuck).
  3617 | D:6      | 3617 ||| Stepping randomly (stuck).
  3618 | D:6      | 3618 ||| Stepping randomly (stuck).
  3619 | D:6      | 3619 ||| Stepping randomly (stuck).
  3620 | D:6      | 3620 ||| Stepping randomly (stuck).
  3621 | D:6      | 3621 ||| Stepping randomly (stuck).
  3622 | D:6      | 3622 ||| Stepping randomly (stuck).
  3623 | D:6      | 3623 ||| Stepping randomly (stuck).
  3624 | D:6      | 3624 ||| Stepping randomly (stuck).
  3625 | D:6      | 3625 ||| Stepping randomly (stuck).
  3626 | D:6      | 3626 ||| Stepping randomly (stuck).
  3627 | D:6      | 3627 ||| Stepping randomly (stuck).
  3628 | D:6      | 3628 ||| Stepping randomly (stuck).
  3629 | D:6      | 3629 ||| Stepping randomly (stuck).
  3630 | D:6      | 3630 ||| Stepping randomly (stuck).
  3631 | D:6      | 3631 ||| Stepping randomly (stuck).
  3632 | D:6      | 3632 ||| Stepping randomly (stuck).
  3633 | D:6      | 3633 ||| Stepping randomly (stuck).
  3634 | D:6      | 3634 ||| Stepping randomly (stuck).
  3635 | D:6      | 3635 ||| Stepping randomly (stuck).
  3636 | D:6      | 3636 ||| Stepping randomly (stuck).
  3637 | D:6      | 3637 ||| Stepping randomly (stuck).
  3638 | D:6      | 3638 ||| Stepping randomly (stuck).
  3639 | D:6      | 3639 ||| Stepping randomly (stuck).
  3640 | D:6      | 3640 ||| Stepping randomly (stuck).
  3641 | D:6      | 3641 ||| Stepping randomly (stuck).
  3642 | D:6      | 3642 ||| Stepping randomly (stuck).
  3643 | D:6      | 3643 ||| Stepping randomly (stuck).
  3644 | D:6      | 3644 ||| Stepping randomly (stuck).
  3645 | D:6      | 3645 ||| Stepping randomly (stuck).
  3646 | D:6      | 3646 ||| Stepping randomly (stuck).
  3647 | D:6      | 3647 ||| Stepping randomly (stuck).
  3648 | D:6      | 3648 ||| Stepping randomly (stuck).
  3649 | D:6      | 3649 ||| Stepping randomly (stuck).
  3650 | D:6      | 3650 ||| Stepping randomly (stuck).
  3651 | D:6      | 3651 ||| Stepping randomly (stuck).
  3652 | D:6      | 3652 ||| Stepping randomly (stuck).
  3653 | D:6      | 3653 ||| Stepping randomly (stuck).
  3654 | D:6      | 3654 ||| Stepping randomly (stuck).
  3655 | D:6      | 3655 ||| Stepping randomly (stuck).
  3656 | D:6      | 3656 ||| Stepping randomly (stuck).
  3657 | D:6      | 3657 ||| Stepping randomly (stuck).
  3658 | D:6      | 3658 ||| Stepping randomly (stuck).
  3659 | D:6      | 3659 ||| Stepping randomly (stuck).
  3660 | D:6      | 3660 ||| Stepping randomly (stuck).
  3661 | D:6      | 3661 ||| Stepping randomly (stuck).
  3662 | D:6      | 3662 ||| Stepping randomly (stuck).
  3663 | D:6      | 3663 ||| Stepping randomly (stuck).
  3664 | D:6      | 3664 ||| Stepping randomly (stuck).
  3665 | D:6      | 3665 ||| Stepping randomly (stuck).
  3666 | D:6      | 3666 ||| Stepping randomly (stuck).
  3667 | D:6      | 3667 ||| Stepping randomly (stuck).
  3668 | D:6      | 3668 ||| Stepping randomly (stuck).
  3669 | D:6      | 3669 ||| Stepping randomly (stuck).
  3670 | D:6      | 3670 ||| Stepping randomly (stuck).
  3671 | D:6      | 3671 ||| Stepping randomly (stuck).
  3672 | D:6      | 3672 ||| Stepping randomly (stuck).
  3673 | D:6      | 3673 ||| Stepping randomly (stuck).
  3674 | D:6      | 3674 ||| Stepping randomly (stuck).
  3675 | D:6      | 3675 ||| Stepping randomly (stuck).
  3676 | D:6      | 3676 ||| Stepping randomly (stuck).
  3677 | D:6      | 3677 ||| Stepping randomly (stuck).
  3678 | D:6      | 3678 ||| Stepping randomly (stuck).
  3679 | D:6      | 3679 ||| Stepping randomly (stuck).
  3680 | D:6      | 3680 ||| Stepping randomly (stuck).
  3681 | D:6      | 3681 ||| Stepping randomly (stuck).
  3682 | D:6      | 3682 ||| Stepping randomly (stuck).
  3683 | D:6      | 3683 ||| Stepping randomly (stuck).
  3684 | D:6      | 3684 ||| Stepping randomly (stuck).
  3685 | D:6      | 3685 ||| Stepping randomly (stuck).
  3686 | D:6      | 3686 ||| Stepping randomly (stuck).
  3687 | D:6      | 3687 ||| Stepping randomly (stuck).
  3688 | D:6      | 3688 ||| Stepping randomly (stuck).
  3689 | D:6      | 3689 ||| Stepping randomly (stuck).
  3690 | D:6      | 3690 ||| Stepping randomly (stuck).
  3691 | D:6      | 3691 ||| Stepping randomly (stuck).
  3692 | D:6      | 3692 ||| Stepping randomly (stuck).
  3693 | D:6      | 3693 ||| Stepping randomly (stuck).
  3694 | D:6      | 3694 ||| Stepping randomly (stuck).
  3695 | D:6      | 3695 ||| Stepping randomly (stuck).
  3696 | D:6      | 3696 ||| Stepping randomly (stuck).
  3697 | D:6      | 3697 ||| Stepping randomly (stuck).
  3698 | D:6      | 3698 ||| Stepping randomly (stuck).
  3699 | D:6      | 3699 ||| Stepping randomly (stuck).
  3700 | D:6      | 3700 ||| Stepping randomly (stuck).
  3701 | D:6      | 3701 ||| Stepping randomly (stuck).
  3702 | D:6      | 3702 ||| Stepping randomly (stuck).
  3703 | D:6      | 3703 ||| Stepping randomly (stuck).
  3704 | D:6      | 3704 ||| Stepping randomly (stuck).
  3705 | D:6      | 3705 ||| Stepping randomly (stuck).
  3706 | D:6      | 3706 ||| Stepping randomly (stuck).
  3707 | D:6      | 3707 ||| Stepping randomly (stuck).
  3708 | D:6      | 3708 ||| Stepping randomly (stuck).
  3709 | D:6      | 3709 ||| Stepping randomly (stuck).
  3710 | D:6      | 3710 ||| Stepping randomly (stuck).
  3711 | D:6      | 3711 ||| Stepping randomly (stuck).
  3712 | D:6      | 3712 ||| Stepping randomly (stuck).
  3713 | D:6      | 3713 ||| Stepping randomly (stuck).
  3714 | D:6      | 3714 ||| Stepping randomly (stuck).
  3715 | D:6      | 3715 ||| Stepping randomly (stuck).
  3716 | D:6      | 3716 ||| Stepping randomly (stuck).
  3717 | D:6      | 3717 ||| Stepping randomly (stuck).
  3718 | D:6      | 3718 ||| Stepping randomly (stuck).
  3719 | D:6      | 3719 ||| Stepping randomly (stuck).
  3720 | D:6      | 3720 ||| Stepping randomly (stuck).
  3721 | D:6      | 3721 ||| Stepping randomly (stuck).
  3722 | D:6      | 3722 ||| Stepping randomly (stuck).
  3728 | D:6      | 3728 ||| Stepping randomly (stuck).
  3729 | D:6      | 3729 ||| Stepping randomly (stuck).
  3730 | D:6      | 3730 ||| Stepping randomly (stuck).
  3731 | D:6      | 3731 ||| Stepping randomly (stuck).
  3732 | D:6      | 3732 ||| Stepping randomly (stuck).
  3733 | D:6      | 3733 ||| Stepping randomly (stuck).
  3734 | D:6      | 3734 ||| Stepping randomly (stuck).
  3735 | D:6      | 3735 ||| Stepping randomly (stuck).
  3736 | D:6      | 3736 ||| Stepping randomly (stuck).
  3737 | D:6      | 3737 ||| Stepping randomly (stuck).
  3738 | D:6      | 3738 ||| Stepping randomly (stuck).
  3739 | D:6      | 3739 ||| Stepping randomly (stuck).
  3740 | D:6      | 3740 ||| Stepping randomly (stuck).
  3741 | D:6      | 3741 ||| Stepping randomly (stuck).
  3742 | D:6      | 3742 ||| Stepping randomly (stuck).
  3743 | D:6      | 3743 ||| Stepping randomly (stuck).
  3744 | D:6      | 3744 ||| Stepping randomly (stuck).
  3745 | D:6      | 3745 ||| Stepping randomly (stuck).
  3746 | D:6      | 3746 ||| Stepping randomly (stuck).
  3747 | D:6      | 3747 ||| Stepping randomly (stuck).
  3748 | D:6      | 3748 ||| Stepping randomly (stuck).
  3749 | D:6      | 3749 ||| Stepping randomly (stuck).
  3750 | D:6      | 3750 ||| Stepping randomly (stuck).
  3751 | D:6      | 3751 ||| Stepping randomly (stuck).
  3752 | D:6      | 3752 ||| Stepping randomly (stuck).
  3753 | D:6      | 3753 ||| Stepping randomly (stuck).
  3754 | D:6      | 3754 ||| Stepping randomly (stuck).
  3755 | D:6      | 3755 ||| Stepping randomly (stuck).
  3756 | D:6      | 3756 ||| Stepping randomly (stuck).
  3757 | D:6      | 3757 ||| Stepping randomly (stuck).
  3758 | D:6      | 3758 ||| Stepping randomly (stuck).
  3759 | D:6      | 3759 ||| Stepping randomly (stuck).
  3760 | D:6      | 3760 ||| Stepping randomly (stuck).
  3761 | D:6      | 3761 ||| Stepping randomly (stuck).
  3762 | D:6      | 3762 ||| Stepping randomly (stuck).
  3763 | D:6      | 3763 ||| Stepping randomly (stuck).
  3764 | D:6      | 3764 ||| Stepping randomly (stuck).
  3765 | D:6      | 3765 ||| Stepping randomly (stuck).
  3766 | D:6      | 3766 ||| Stepping randomly (stuck).
  3767 | D:6      | 3767 ||| Stepping randomly (stuck).
  3768 | D:6      | 3768 ||| Stepping randomly (stuck).
  3769 | D:6      | 3769 ||| Stepping randomly (stuck).
  3770 | D:6      | 3770 ||| Stepping randomly (stuck).
  3771 | D:6      | 3771 ||| Stepping randomly (stuck).
  3772 | D:6      | 3772 ||| Stepping randomly (stuck).
  3773 | D:6      | 3773 ||| Stepping randomly (stuck).
  3774 | D:6      | 3774 ||| Stepping randomly (stuck).
  3775 | D:6      | 3775 ||| Stepping randomly (stuck).
  3776 | D:6      | 3776 ||| Stepping randomly (stuck).
  3777 | D:6      | 3777 ||| Stepping randomly (stuck).
  3778 | D:6      | 3778 ||| Stepping randomly (stuck).
  3779 | D:6      | 3779 ||| Stepping randomly (stuck).
  3780 | D:6      | 3780 ||| Stepping randomly (stuck).
  3781 | D:6      | 3781 ||| Stepping randomly (stuck).
  3782 | D:6      | 3782 ||| Stepping randomly (stuck).
  3783 | D:6      | 3783 ||| Stepping randomly (stuck).
  3784 | D:6      | 3784 ||| Stepping randomly (stuck).
  3785 | D:6      | 3785 ||| Stepping randomly (stuck).
  3786 | D:6      | 3786 ||| Stepping randomly (stuck).
  3787 | D:6      | 3787 ||| Stepping randomly (stuck).
  3788 | D:6      | 3788 ||| Stepping randomly (stuck).
  3789 | D:6      | 3789 ||| Stepping randomly (stuck).
  3790 | D:6      | 3790 ||| Stepping randomly (stuck).
  3791 | D:6      | 3791 ||| Stepping randomly (stuck).
  3792 | D:6      | 3792 ||| Stepping randomly (stuck).
  3793 | D:6      | 3793 ||| Stepping randomly (stuck).
  3794 | D:6      | 3794 ||| Stepping randomly (stuck).
  3795 | D:6      | 3795 ||| Stepping randomly (stuck).
  3796 | D:6      | 3796 ||| Stepping randomly (stuck).
  3797 | D:6      | 3797 ||| Stepping randomly (stuck).
  3798 | D:6      | 3798 ||| Stepping randomly (stuck).
  3799 | D:6      | 3799 ||| Stepping randomly (stuck).
  3800 | D:6      | 3800 ||| Stepping randomly (stuck).
  3801 | D:6      | 3801 ||| Stepping randomly (stuck).
  3802 | D:6      | 3802 ||| Stepping randomly (stuck).
  3803 | D:6      | 3803 ||| Stepping randomly (stuck).
  3804 | D:6      | 3804 ||| Stepping randomly (stuck).
  3805 | D:6      | 3805 ||| Stepping randomly (stuck).
  3806 | D:6      | 3806 ||| Stepping randomly (stuck).
  3807 | D:6      | 3807 ||| Stepping randomly (stuck).
  3808 | D:6      | 3808 ||| Stepping randomly (stuck).
  3809 | D:6      | 3809 ||| Stepping randomly (stuck).
  3810 | D:6      | 3810 ||| Stepping randomly (stuck).
  3811 | D:6      | 3811 ||| Stepping randomly (stuck).
  3812 | D:6      | 3812 ||| Stepping randomly (stuck).
  3813 | D:6      | 3813 ||| Stepping randomly (stuck).
  3814 | D:6      | 3814 ||| Stepping randomly (stuck).
  3815 | D:6      | 3815 ||| Stepping randomly (stuck).
  3816 | D:6      | 3816 ||| Stepping randomly (stuck).
  3817 | D:6      | 3817 ||| Stepping randomly (stuck).
  3818 | D:6      | 3818 ||| Stepping randomly (stuck).
  3819 | D:6      | 3819 ||| Stepping randomly (stuck).
  3820 | D:6      | 3820 ||| Stepping randomly (stuck).
  3821 | D:6      | 3821 ||| Stepping randomly (stuck).
  3822 | D:6      | 3822 ||| Stepping randomly (stuck).
  3823 | D:6      | 3823 ||| Stepping randomly (stuck).
  3824 | D:6      | 3824 ||| Stepping randomly (stuck).
  3825 | D:6      | 3825 ||| Stepping randomly (stuck).
  3826 | D:6      | 3826 ||| Stepping randomly (stuck).
  3827 | D:6      | 3827 ||| Stepping randomly (stuck).
  3828 | D:6      | 3828 ||| Stepping randomly (stuck).
  3829 | D:6      | 3829 ||| Stepping randomly (stuck).
  3830 | D:6      | 3830 ||| Stepping randomly (stuck).
  3831 | D:6      | 3831 ||| Stepping randomly (stuck).
  3832 | D:6      | 3832 ||| Stepping randomly (stuck).
  3833 | D:6      | 3833 ||| Stepping randomly (stuck).
  3834 | D:6      | 3834 ||| Stepping randomly (stuck).
  3835 | D:6      | 3835 ||| Stepping randomly (stuck).
  3836 | D:6      | 3836 ||| Stepping randomly (stuck).
  3837 | D:6      | 3837 ||| Stepping randomly (stuck).
  3838 | D:6      | 3838 ||| Stepping randomly (stuck).
  3839 | D:6      | 3839 ||| Stepping randomly (stuck).
  3840 | D:6      | 3840 ||| Stepping randomly (stuck).
  3841 | D:6      | 3841 ||| Stepping randomly (stuck).
  3842 | D:6      | 3842 ||| Stepping randomly (stuck).
  3843 | D:6      | 3843 ||| Stepping randomly (stuck).
  3844 | D:6      | 3844 ||| Stepping randomly (stuck).
  3845 | D:6      | 3845 ||| Stepping randomly (stuck).
  3846 | D:6      | 3846 ||| Stepping randomly (stuck).
  3847 | D:6      | 3847 ||| Stepping randomly (stuck).
  3848 | D:6      | 3848 ||| Stepping randomly (stuck).
  3849 | D:6      | 3849 ||| Stepping randomly (stuck).
  3850 | D:6      | 3850 ||| Stepping randomly (stuck).
  3851 | D:6      | 3851 ||| Stepping randomly (stuck).
  3852 | D:6      | 3852 ||| Stepping randomly (stuck).
  3853 | D:6      | 3853 ||| Stepping randomly (stuck).
  3854 | D:6      | 3854 ||| Stepping randomly (stuck).
  3855 | D:6      | 3855 ||| Stepping randomly (stuck).
  3856 | D:6      | 3856 ||| Stepping randomly (stuck).
  3857 | D:6      | 3857 ||| Stepping randomly (stuck).
  3858 | D:6      | 3858 ||| Stepping randomly (stuck).
  3859 | D:6      | 3859 ||| Stepping randomly (stuck).
  3860 | D:6      | 3860 ||| Stepping randomly (stuck).
  3861 | D:6      | 3861 ||| Stepping randomly (stuck).
  3862 | D:6      | 3862 ||| Stepping randomly (stuck).
  3863 | D:6      | 3863 ||| Stepping randomly (stuck).
  3864 | D:6      | 3864 ||| Stepping randomly (stuck).
  3865 | D:6      | 3865 ||| Stepping randomly (stuck).
  3866 | D:6      | 3866 ||| Stepping randomly (stuck).
  3867 | D:6      | 3867 ||| Stepping randomly (stuck).
  3868 | D:6      | 3868 ||| Stepping randomly (stuck).
  3869 | D:6      | 3869 ||| Stepping randomly (stuck).
  3870 | D:6      | 3870 ||| Stepping randomly (stuck).
  3871 | D:6      | 3871 ||| Stepping randomly (stuck).
  3872 | D:6      | 3872 ||| Stepping randomly (stuck).
  3873 | D:6      | 3873 ||| Stepping randomly (stuck).
  3874 | D:6      | 3874 ||| Stepping randomly (stuck).
  3875 | D:6      | 3875 ||| Stepping randomly (stuck).
  3876 | D:6      | 3876 ||| Stepping randomly (stuck).
  3877 | D:6      | 3877 ||| Stepping randomly (stuck).
  3878 | D:6      | 3878 ||| Stepping randomly (stuck).
  3879 | D:6      | 3879 ||| Stepping randomly (stuck).
  3880 | D:6      | 3880 ||| Stepping randomly (stuck).
  3881 | D:6      | 3881 ||| Stepping randomly (stuck).
  3882 | D:6      | 3882 ||| Stepping randomly (stuck).
  3883 | D:6      | 3883 ||| Stepping randomly (stuck).
  3884 | D:6      | 3884 ||| Stepping randomly (stuck).
  3885 | D:6      | 3885 ||| Stepping randomly (stuck).
  3886 | D:6      | 3886 ||| Stepping randomly (stuck).
  3887 | D:6      | 3887 ||| Stepping randomly (stuck).
  3888 | D:6      | 3888 ||| Stepping randomly (stuck).
  3889 | D:6      | 3889 ||| Stepping randomly (stuck).
  3890 | D:6      | 3890 ||| Stepping randomly (stuck).
  3891 | D:6      | 3891 ||| Stepping randomly (stuck).
  3892 | D:6      | 3892 ||| Stepping randomly (stuck).
  3893 | D:6      | 3893 ||| Stepping randomly (stuck).
  3894 | D:6      | 3894 ||| Stepping randomly (stuck).
  3895 | D:6      | 3895 ||| Stepping randomly (stuck).
  3896 | D:6      | 3896 ||| Stepping randomly (stuck).
  3897 | D:6      | 3897 ||| Stepping randomly (stuck).
  3898 | D:6      | 3898 ||| Stepping randomly (stuck).
  3899 | D:6      | 3899 ||| Stepping randomly (stuck).
  3900 | D:6      | 3900 ||| Stepping randomly (stuck).
  3901 | D:6      | 3901 ||| Stepping randomly (stuck).
  3902 | D:6      | 3902 ||| Stepping randomly (stuck).
  3903 | D:6      | 3903 ||| Stepping randomly (stuck).
  3904 | D:6      | 3904 ||| Stepping randomly (stuck).
  3905 | D:6      | 3905 ||| Stepping randomly (stuck).
  3906 | D:6      | 3906 ||| Stepping randomly (stuck).
  3907 | D:6      | 3907 ||| Stepping randomly (stuck).
  3908 | D:6      | 3908 ||| Stepping randomly (stuck).
  3909 | D:6      | 3909 ||| Stepping randomly (stuck).
  3910 | D:6      | 3910 ||| Stepping randomly (stuck).
  3911 | D:6      | 3911 ||| Stepping randomly (stuck).
  3912 | D:6      | 3912 ||| Stepping randomly (stuck).
  3913 | D:6      | 3913 ||| Stepping randomly (stuck).
  3914 | D:6      | 3914 ||| Stepping randomly (stuck).
  3915 | D:6      | 3915 ||| Stepping randomly (stuck).
  3916 | D:6      | 3916 ||| Stepping randomly (stuck).
  3917 | D:6      | 3917 ||| Stepping randomly (stuck).
  3918 | D:6      | 3918 ||| Stepping randomly (stuck).
  3919 | D:6      | 3919 ||| Stepping randomly (stuck).
  3920 | D:6      | 3920 ||| Stepping randomly (stuck).
  3921 | D:6      | 3921 ||| Stepping randomly (stuck).
  3922 | D:6      | 3922 ||| Stepping randomly (stuck).
  3923 | D:6      | 3923 ||| Stepping randomly (stuck).
  3924 | D:6      | 3924 ||| Stepping randomly (stuck).
  3925 | D:6      | 3925 ||| Stepping randomly (stuck).
  3926 | D:6      | 3926 ||| Stepping randomly (stuck).
  3927 | D:6      | 3927 ||| Stepping randomly (stuck).
  3928 | D:6      | 3928 ||| Stepping randomly (stuck).
  3929 | D:6      | 3929 ||| Stepping randomly (stuck).
  3930 | D:6      | 3930 ||| Stepping randomly (stuck).
  3931 | D:6      | 3931 ||| Stepping randomly (stuck).
  3932 | D:6      | 3932 ||| Stepping randomly (stuck).
  3933 | D:6      | 3933 ||| Stepping randomly (stuck).
  3934 | D:6      | 3934 ||| Stepping randomly (stuck).
  3935 | D:6      | 3935 ||| Stepping randomly (stuck).
  3936 | D:6      | 3936 ||| Stepping randomly (stuck).
  3937 | D:6      | 3937 ||| Stepping randomly (stuck).
  3938 | D:6      | 3938 ||| Stepping randomly (stuck).
  3939 | D:6      | 3939 ||| Stepping randomly (stuck).
  3940 | D:6      | 3940 ||| Stepping randomly (stuck).
  3941 | D:6      | 3941 ||| Stepping randomly (stuck).
  3942 | D:6      | 3942 ||| Stepping randomly (stuck).
  3943 | D:6      | 3943 ||| Stepping randomly (stuck).
  3944 | D:6      | 3944 ||| Stepping randomly (stuck).
  3945 | D:6      | 3945 ||| Stepping randomly (stuck).
  3946 | D:6      | 3946 ||| Stepping randomly (stuck).
  3947 | D:6      | 3947 ||| Stepping randomly (stuck).
  3948 | D:6      | 3948 ||| Stepping randomly (stuck).
  3949 | D:6      | 3949 ||| Stepping randomly (stuck).
  3950 | D:6      | 3950 ||| Stepping randomly (stuck).
  3951 | D:6      | 3951 ||| Stepping randomly (stuck).
  3952 | D:6      | 3952 ||| Stepping randomly (stuck).
  3953 | D:6      | 3953 ||| Stepping randomly (stuck).
  3954 | D:6      | 3954 ||| Stepping randomly (stuck).
  3955 | D:6      | 3955 ||| Stepping randomly (stuck).
  3956 | D:6      | 3956 ||| Stepping randomly (stuck).
  3957 | D:6      | 3957 ||| Stepping randomly (stuck).
  3958 | D:6      | 3958 ||| Stepping randomly (stuck).
  3959 | D:6      | 3959 ||| Stepping randomly (stuck).
  3960 | D:6      | 3960 ||| Stepping randomly (stuck).
  3961 | D:6      | 3961 ||| Stepping randomly (stuck).
  3962 | D:6      | 3962 ||| Stepping randomly (stuck).
  3963 | D:6      | 3963 ||| Stepping randomly (stuck).
  3964 | D:6      | 3964 ||| Stepping randomly (stuck).
  3965 | D:6      | 3965 ||| Stepping randomly (stuck).
  3966 | D:6      | 3966 ||| Stepping randomly (stuck).
  3967 | D:6      | 3967 ||| Stepping randomly (stuck).
  3968 | D:6      | 3968 ||| Stepping randomly (stuck).
  3969 | D:6      | 3969 ||| Stepping randomly (stuck).
  3970 | D:6      | 3970 ||| Stepping randomly (stuck).
  3971 | D:6      | 3971 ||| Stepping randomly (stuck).
  3972 | D:6      | 3972 ||| Stepping randomly (stuck).
  3973 | D:6      | 3973 ||| Stepping randomly (stuck).
  3974 | D:6      | 3974 ||| Stepping randomly (stuck).
  3975 | D:6      | 3975 ||| Stepping randomly (stuck).
  3976 | D:6      | 3976 ||| Stepping randomly (stuck).
  3977 | D:6      | 3977 ||| Stepping randomly (stuck).
  3978 | D:6      | 3978 ||| Stepping randomly (stuck).
  3979 | D:6      | 3979 ||| Stepping randomly (stuck).
  3980 | D:6      | 3980 ||| Stepping randomly (stuck).
  3981 | D:6      | 3981 ||| Stepping randomly (stuck).
  3982 | D:6      | 3982 ||| Stepping randomly (stuck).
  3983 | D:6      | 3983 ||| Stepping randomly (stuck).
  3984 | D:6      | 3984 ||| Stepping randomly (stuck).
  3985 | D:6      | 3985 ||| Stepping randomly (stuck).
  3986 | D:6      | 3986 ||| Stepping randomly (stuck).
  3987 | D:6      | 3987 ||| Stepping randomly (stuck).
  3988 | D:6      | 3988 ||| Stepping randomly (stuck).
  3989 | D:6      | 3989 ||| Stepping randomly (stuck).
  3990 | D:6      | 3990 ||| Stepping randomly (stuck).
  3999 | D:6      | 3999 ||| Stepping randomly (stuck).
  4000 | D:6      | 4000 ||| Stepping randomly (stuck).
  4001 | D:6      | 4001 ||| Stepping randomly (stuck).
  4002 | D:6      | 4002 ||| Stepping randomly (stuck).
  4003 | D:6      | 4003 ||| Stepping randomly (stuck).
  4004 | D:6      | 4004 ||| Stepping randomly (stuck).
  4005 | D:6      | 4005 ||| Stepping randomly (stuck).
  4006 | D:6      | 4006 ||| Stepping randomly (stuck).
  4007 | D:6      | 4007 ||| Stepping randomly (stuck).
  4008 | D:6      | 4008 ||| Stepping randomly (stuck).
  4009 | D:6      | 4009 ||| Stepping randomly (stuck).
  4010 | D:6      | 4010 ||| Stepping randomly (stuck).
  4011 | D:6      | 4011 ||| Stepping randomly (stuck).
  4012 | D:6      | 4012 ||| Stepping randomly (stuck).
  4013 | D:6      | 4013 ||| Stepping randomly (stuck).
  4014 | D:6      | 4014 ||| Stepping randomly (stuck).
  4015 | D:6      | 4015 ||| Stepping randomly (stuck).
  4016 | D:6      | 4016 ||| Stepping randomly (stuck).
  4017 | D:6      | 4017 ||| Stepping randomly (stuck).
  4018 | D:6      | 4018 ||| Stepping randomly (stuck).
  4019 | D:6      | 4019 ||| Stepping randomly (stuck).
  4020 | D:6      | 4020 ||| Stepping randomly (stuck).
  4021 | D:6      | 4021 ||| Stepping randomly (stuck).
  4022 | D:6      | 4022 ||| Stepping randomly (stuck).
  4023 | D:6      | 4023 ||| Stepping randomly (stuck).
  4024 | D:6      | 4024 ||| Stepping randomly (stuck).
  4025 | D:6      | 4025 ||| Stepping randomly (stuck).
  4026 | D:6      | 4026 ||| Stepping randomly (stuck).
  4027 | D:6      | 4027 ||| Stepping randomly (stuck).
  4028 | D:6      | 4028 ||| Stepping randomly (stuck).
  4029 | D:6      | 4029 ||| Stepping randomly (stuck).
  4030 | D:6      | 4030 ||| Stepping randomly (stuck).
  4031 | D:6      | 4031 ||| Stepping randomly (stuck).
  4032 | D:6      | 4032 ||| Stepping randomly (stuck).
  4033 | D:6      | 4033 ||| Stepping randomly (stuck).
  4034 | D:6      | 4034 ||| Stepping randomly (stuck).
  4035 | D:6      | 4035 ||| Stepping randomly (stuck).
  4036 | D:6      | 4036 ||| Stepping randomly (stuck).
  4037 | D:6      | 4037 ||| Stepping randomly (stuck).
  4038 | D:6      | 4038 ||| Stepping randomly (stuck).
  4039 | D:6      | 4039 ||| Stepping randomly (stuck).
  4040 | D:6      | 4040 ||| Stepping randomly (stuck).
  4041 | D:6      | 4041 ||| Stepping randomly (stuck).
  4042 | D:6      | 4042 ||| Stepping randomly (stuck).
  4043 | D:6      | 4043 ||| Stepping randomly (stuck).
  4044 | D:6      | 4044 ||| Stepping randomly (stuck).
  4045 | D:6      | 4045 ||| Stepping randomly (stuck).
  4046 | D:6      | 4046 ||| Stepping randomly (stuck).
  4047 | D:6      | 4047 ||| Stepping randomly (stuck).
  4048 | D:6      | 4048 ||| Stepping randomly (stuck).
  4049 | D:6      | 4049 ||| Stepping randomly (stuck).
  4050 | D:6      | 4050 ||| Stepping randomly (stuck).
  4051 | D:6      | 4051 ||| Stepping randomly (stuck).
  4052 | D:6      | 4052 ||| Stepping randomly (stuck).
  4053 | D:6      | 4053 ||| Stepping randomly (stuck).
  4054 | D:6      | 4054 ||| Stepping randomly (stuck).
  4055 | D:6      | 4055 ||| Stepping randomly (stuck).
  4056 | D:6      | 4056 ||| Stepping randomly (stuck).
  4057 | D:6      | 4057 ||| Stepping randomly (stuck).
  4058 | D:6      | 4058 ||| Stepping randomly (stuck).
  4059 | D:6      | 4059 ||| Stepping randomly (stuck).
  4060 | D:6      | 4060 ||| Stepping randomly (stuck).
  4061 | D:6      | 4061 ||| Stepping randomly (stuck).
  4062 | D:6      | 4062 ||| Stepping randomly (stuck).
  4063 | D:6      | 4063 ||| Stepping randomly (stuck).
  4064 | D:6      | 4064 ||| Stepping randomly (stuck).
  4065 | D:6      | 4065 ||| Stepping randomly (stuck).
  4066 | D:6      | 4066 ||| Stepping randomly (stuck).
  4067 | D:6      | 4067 ||| Stepping randomly (stuck).
  4068 | D:6      | 4068 ||| Stepping randomly (stuck).
  4069 | D:6      | 4069 ||| Stepping randomly (stuck).
  4070 | D:6      | 4070 ||| Stepping randomly (stuck).
  4071 | D:6      | 4071 ||| Stepping randomly (stuck).
  4072 | D:6      | 4072 ||| Stepping randomly (stuck).
  4073 | D:6      | 4073 ||| Stepping randomly (stuck).
  4074 | D:6      | 4074 ||| Stepping randomly (stuck).
  4075 | D:6      | 4075 ||| Stepping randomly (stuck).
  4076 | D:6      | 4076 ||| Stepping randomly (stuck).
  4077 | D:6      | 4077 ||| Stepping randomly (stuck).
  4078 | D:6      | 4078 ||| Stepping randomly (stuck).
  4079 | D:6      | 4079 ||| Stepping randomly (stuck).
  4080 | D:6      | 4080 ||| Stepping randomly (stuck).
  4081 | D:6      | 4081 ||| Stepping randomly (stuck).
  4082 | D:6      | 4082 ||| Stepping randomly (stuck).
  4083 | D:6      | 4083 ||| Stepping randomly (stuck).
  4084 | D:6      | 4084 ||| Stepping randomly (stuck).
  4085 | D:6      | 4085 ||| Stepping randomly (stuck).
  4086 | D:6      | 4086 ||| Stepping randomly (stuck).
  4087 | D:6      | 4087 ||| Stepping randomly (stuck).
  4088 | D:6      | 4088 ||| Stepping randomly (stuck).
  4089 | D:6      | 4089 ||| Stepping randomly (stuck).
  4090 | D:6      | 4090 ||| Stepping randomly (stuck).
  4091 | D:6      | 4091 ||| Stepping randomly (stuck).
  4092 | D:6      | 4092 ||| Stepping randomly (stuck).
  4093 | D:6      | 4093 ||| Stepping randomly (stuck).
  4094 | D:6      | 4094 ||| Stepping randomly (stuck).
  4095 | D:6      | 4095 ||| Stepping randomly (stuck).
  4096 | D:6      | 4096 ||| Stepping randomly (stuck).
  4097 | D:6      | 4097 ||| Stepping randomly (stuck).
  4098 | D:6      | 4098 ||| Stepping randomly (stuck).
  4099 | D:6      | 4099 ||| Stepping randomly (stuck).
  4100 | D:6      | 4100 ||| Stepping randomly (stuck).
  4101 | D:6      | 4101 ||| Stepping randomly (stuck).
  4102 | D:6      | 4102 ||| Stepping randomly (stuck).
  4103 | D:6      | 4103 ||| Stepping randomly (stuck).
  4104 | D:6      | 4104 ||| Stepping randomly (stuck).
  4105 | D:6      | 4105 ||| Stepping randomly (stuck).
  4106 | D:6      | 4106 ||| Stepping randomly (stuck).
  4107 | D:6      | 4107 ||| Stepping randomly (stuck).
  4108 | D:6      | 4108 ||| Stepping randomly (stuck).
  4109 | D:6      | 4109 ||| Stepping randomly (stuck).
  4110 | D:6      | 4110 ||| Stepping randomly (stuck).
  4111 | D:6      | 4111 ||| Stepping randomly (stuck).
  4112 | D:6      | 4112 ||| Stepping randomly (stuck).
  4113 | D:6      | 4113 ||| Stepping randomly (stuck).
  4114 | D:6      | 4114 ||| Stepping randomly (stuck).
  4115 | D:6      | 4115 ||| Stepping randomly (stuck).
  4116 | D:6      | 4116 ||| Stepping randomly (stuck).
  4117 | D:6      | 4117 ||| Stepping randomly (stuck).
  4118 | D:6      | 4118 ||| Stepping randomly (stuck).
  4119 | D:6      | 4119 ||| Stepping randomly (stuck).
  4120 | D:6      | 4120 ||| Stepping randomly (stuck).
  4121 | D:6      | 4121 ||| Stepping randomly (stuck).
  4122 | D:6      | 4122 ||| Stepping randomly (stuck).
  4123 | D:6      | 4123 ||| Stepping randomly (stuck).
  4124 | D:6      | 4124 ||| Stepping randomly (stuck).
  4125 | D:6      | 4125 ||| Stepping randomly (stuck).
  4126 | D:6      | 4126 ||| Stepping randomly (stuck).
  4127 | D:6      | 4127 ||| Stepping randomly (stuck).
  4128 | D:6      | 4128 ||| Stepping randomly (stuck).
  4129 | D:6      | 4129 ||| Stepping randomly (stuck).
  4130 | D:6      | 4130 ||| Stepping randomly (stuck).
  4131 | D:6      | 4131 ||| Stepping randomly (stuck).
  4132 | D:6      | 4132 ||| Stepping randomly (stuck).
  4133 | D:6      | 4133 ||| Stepping randomly (stuck).
  4134 | D:6      | 4134 ||| Stepping randomly (stuck).
  4135 | D:6      | 4135 ||| Stepping randomly (stuck).
  4136 | D:6      | 4136 ||| Stepping randomly (stuck).
  4137 | D:6      | 4137 ||| Stepping randomly (stuck).
  4138 | D:6      | 4138 ||| Stepping randomly (stuck).
  4139 | D:6      | 4139 ||| Stepping randomly (stuck).
  4140 | D:6      | 4140 ||| Stepping randomly (stuck).
  4141 | D:6      | 4141 ||| Stepping randomly (stuck).
  4142 | D:6      | 4142 ||| Stepping randomly (stuck).
  4143 | D:6      | 4143 ||| Stepping randomly (stuck).
  4144 | D:6      | 4144 ||| Stepping randomly (stuck).
  4145 | D:6      | 4145 ||| Stepping randomly (stuck).
  4146 | D:6      | 4146 ||| Stepping randomly (stuck).
  4147 | D:6      | 4147 ||| Stepping randomly (stuck).
  4148 | D:6      | 4148 ||| Stepping randomly (stuck).
  4149 | D:6      | 4149 ||| Stepping randomly (stuck).
  4150 | D:6      | 4150 ||| Stepping randomly (stuck).
  4151 | D:6      | 4151 ||| Stepping randomly (stuck).
  4152 | D:6      | 4152 ||| Stepping randomly (stuck).
  4153 | D:6      | 4153 ||| Stepping randomly (stuck).
  4154 | D:6      | 4154 ||| Stepping randomly (stuck).
  4155 | D:6      | 4155 ||| Stepping randomly (stuck).
  4156 | D:6      | 4156 ||| Stepping randomly (stuck).
  4157 | D:6      | 4157 ||| Stepping randomly (stuck).
  4158 | D:6      | 4158 ||| Stepping randomly (stuck).
  4159 | D:6      | 4159 ||| Stepping randomly (stuck).
  4160 | D:6      | 4160 ||| Stepping randomly (stuck).
  4161 | D:6      | 4161 ||| Stepping randomly (stuck).
  4162 | D:6      | 4162 ||| Stepping randomly (stuck).
  4163 | D:6      | 4163 ||| Stepping randomly (stuck).
  4164 | D:6      | 4164 ||| Stepping randomly (stuck).
  4165 | D:6      | 4165 ||| Stepping randomly (stuck).
  4166 | D:6      | 4166 ||| Stepping randomly (stuck).
  4167 | D:6      | 4167 ||| Stepping randomly (stuck).
  4168 | D:6      | 4168 ||| Stepping randomly (stuck).
  4169 | D:6      | 4169 ||| Stepping randomly (stuck).
  4170 | D:6      | 4170 ||| Stepping randomly (stuck).
  4171 | D:6      | 4171 ||| Stepping randomly (stuck).
  4172 | D:6      | 4172 ||| Stepping randomly (stuck).
  4173 | D:6      | 4173 ||| Stepping randomly (stuck).
  4174 | D:6      | 4174 ||| Stepping randomly (stuck).
  4175 | D:6      | 4175 ||| Stepping randomly (stuck).
  4176 | D:6      | 4176 ||| Stepping randomly (stuck).
  4177 | D:6      | 4177 ||| Stepping randomly (stuck).
  4178 | D:6      | 4178 ||| Stepping randomly (stuck).
  4179 | D:6      | 4179 ||| Stepping randomly (stuck).
  4180 | D:6      | 4180 ||| Stepping randomly (stuck).
  4181 | D:6      | 4181 ||| Stepping randomly (stuck).
  4182 | D:6      | 4182 ||| Stepping randomly (stuck).
  4183 | D:6      | 4183 ||| Stepping randomly (stuck).
  4184 | D:6      | 4184 ||| Stepping randomly (stuck).
  4185 | D:6      | 4185 ||| Stepping randomly (stuck).
  4186 | D:6      | 4186 ||| Stepping randomly (stuck).
  4187 | D:6      | 4187 ||| Stepping randomly (stuck).
  4188 | D:6      | 4188 ||| Stepping randomly (stuck).
  4189 | D:6      | 4189 ||| Stepping randomly (stuck).
  4190 | D:6      | 4190 ||| Stepping randomly (stuck).
  4191 | D:6      | 4191 ||| Stepping randomly (stuck).
  4192 | D:6      | 4192 ||| Stepping randomly (stuck).
  4193 | D:6      | 4193 ||| Stepping randomly (stuck).
  4194 | D:6      | 4194 ||| Stepping randomly (stuck).
  4195 | D:6      | 4195 ||| Stepping randomly (stuck).
  4196 | D:6      | 4196 ||| Stepping randomly (stuck).
  4197 | D:6      | 4197 ||| Stepping randomly (stuck).
  4198 | D:6      | 4198 ||| Stepping randomly (stuck).
  4199 | D:6      | 4199 ||| Stepping randomly (stuck).
  4200 | D:6      | 4200 ||| Stepping randomly (stuck).
  4201 | D:6      | 4201 ||| Stepping randomly (stuck).
  4202 | D:6      | 4202 ||| Stepping randomly (stuck).
  4203 | D:6      | 4203 ||| Stepping randomly (stuck).
  4204 | D:6      | 4204 ||| Stepping randomly (stuck).
  4205 | D:6      | 4205 ||| Stepping randomly (stuck).
  4206 | D:6      | 4206 ||| Stepping randomly (stuck).
  4207 | D:6      | 4207 ||| Stepping randomly (stuck).
  4208 | D:6      | 4208 ||| Stepping randomly (stuck).
  4209 | D:6      | 4209 ||| Stepping randomly (stuck).
  4210 | D:6      | 4210 ||| Stepping randomly (stuck).
  4211 | D:6      | 4211 ||| Stepping randomly (stuck).
  4212 | D:6      | 4212 ||| Stepping randomly (stuck).
  4213 | D:6      | 4213 ||| Stepping randomly (stuck).
  4214 | D:6      | 4214 ||| Stepping randomly (stuck).
  4215 | D:6      | 4215 ||| Stepping randomly (stuck).
  4216 | D:6      | 4216 ||| Stepping randomly (stuck).
  4217 | D:6      | 4217 ||| Stepping randomly (stuck).
  4218 | D:6      | 4218 ||| Stepping randomly (stuck).
  4219 | D:6      | 4219 ||| Stepping randomly (stuck).
  4220 | D:6      | 4220 ||| Stepping randomly (stuck).
  4221 | D:6      | 4221 ||| Stepping randomly (stuck).
  4222 | D:6      | 4222 ||| Stepping randomly (stuck).
  4223 | D:6      | 4223 ||| Stepping randomly (stuck).
  4224 | D:6      | 4224 ||| Stepping randomly (stuck).
  4225 | D:6      | 4225 ||| Stepping randomly (stuck).
  4226 | D:6      | 4226 ||| Stepping randomly (stuck).
  4227 | D:6      | 4227 ||| Stepping randomly (stuck).
  4228 | D:6      | 4228 ||| Stepping randomly (stuck).
  4229 | D:6      | 4229 ||| Stepping randomly (stuck).
  4230 | D:6      | 4230 ||| Stepping randomly (stuck).
  4231 | D:6      | 4231 ||| Stepping randomly (stuck).
  4232 | D:6      | 4232 ||| Stepping randomly (stuck).
  4233 | D:6      | 4233 ||| Stepping randomly (stuck).
  4234 | D:6      | 4234 ||| Stepping randomly (stuck).
  4235 | D:6      | 4235 ||| Stepping randomly (stuck).
  4236 | D:6      | 4236 ||| Stepping randomly (stuck).
  4237 | D:6      | 4237 ||| Stepping randomly (stuck).
  4238 | D:6      | 4238 ||| Stepping randomly (stuck).
  4239 | D:6      | 4239 ||| Stepping randomly (stuck).
  4240 | D:6      | 4240 ||| Stepping randomly (stuck).
  4241 | D:6      | 4241 ||| Stepping randomly (stuck).
  4242 | D:6      | 4242 ||| Stepping randomly (stuck).
  4243 | D:6      | 4243 ||| Stepping randomly (stuck).
  4244 | D:6      | 4244 ||| Stepping randomly (stuck).
  4245 | D:6      | 4245 ||| Stepping randomly (stuck).
  4246 | D:6      | 4246 ||| Stepping randomly (stuck).
  4247 | D:6      | 4247 ||| Stepping randomly (stuck).
  4248 | D:6      | 4248 ||| Stepping randomly (stuck).
  4249 | D:6      | 4249 ||| Stepping randomly (stuck).
  4250 | D:6      | 4250 ||| Stepping randomly (stuck).
  4251 | D:6      | 4251 ||| Stepping randomly (stuck).
  4252 | D:6      | 4252 ||| Stepping randomly (stuck).
  4253 | D:6      | 4253 ||| Stepping randomly (stuck).
  4254 | D:6      | 4254 ||| Stepping randomly (stuck).
  4255 | D:6      | 4255 ||| Stepping randomly (stuck).
  4256 | D:6      | 4256 ||| Stepping randomly (stuck).
  4257 | D:6      | 4257 ||| Stepping randomly (stuck).
  4258 | D:6      | 4258 ||| Stepping randomly (stuck).
  4259 | D:6      | 4259 ||| Stepping randomly (stuck).
  4260 | D:6      | 4260 ||| Stepping randomly (stuck).
  4261 | D:6      | 4261 ||| Stepping randomly (stuck).
  4262 | D:6      | 4262 ||| Stepping randomly (stuck).
  4263 | D:6      | 4263 ||| Stepping randomly (stuck).
  4264 | D:6      | 4264 ||| Stepping randomly (stuck).
  4265 | D:6      | 4265 ||| Stepping randomly (stuck).
  4266 | D:6      | 4266 ||| Stepping randomly (stuck).
  4267 | D:6      | 4267 ||| Stepping randomly (stuck).
  4268 | D:6      | 4268 ||| Stepping randomly (stuck).
  4269 | D:6      | 4269 ||| Stepping randomly (stuck).
  4270 | D:6      | 4270 ||| Stepping randomly (stuck).
  4271 | D:6      | 4271 ||| Stepping randomly (stuck).
  4272 | D:6      | 4272 ||| Stepping randomly (stuck).
  4273 | D:6      | 4273 ||| Stepping randomly (stuck).
  4274 | D:6      | 4274 ||| Stepping randomly (stuck).
  4275 | D:6      | 4275 ||| Stepping randomly (stuck).
  4276 | D:6      | 4276 ||| Stepping randomly (stuck).
  4277 | D:6      | 4277 ||| Stepping randomly (stuck).
  4278 | D:6      | 4278 ||| Stepping randomly (stuck).
  4279 | D:6      | 4279 ||| Stepping randomly (stuck).
  4280 | D:6      | 4280 ||| Stepping randomly (stuck).
  4281 | D:6      | 4281 ||| Stepping randomly (stuck).
  4282 | D:6      | 4282 ||| Stepping randomly (stuck).
  4283 | D:6      | 4283 ||| Stepping randomly (stuck).
  4284 | D:6      | 4284 ||| Stepping randomly (stuck).
  4285 | D:6      | 4285 ||| Stepping randomly (stuck).
  4286 | D:6      | 4286 ||| Stepping randomly (stuck).
  4287 | D:6      | 4287 ||| Stepping randomly (stuck).
  4288 | D:6      | 4288 ||| Stepping randomly (stuck).
  4289 | D:6      | 4289 ||| Stepping randomly (stuck).
  4290 | D:6      | 4290 ||| Stepping randomly (stuck).
  4291 | D:6      | 4291 ||| Stepping randomly (stuck).
  4292 | D:6      | 4292 ||| Stepping randomly (stuck).
  4293 | D:6      | 4293 ||| Stepping randomly (stuck).
  4294 | D:6      | 4294 ||| Stepping randomly (stuck).
  4295 | D:6      | 4295 ||| Stepping randomly (stuck).
  4296 | D:6      | 4296 ||| Stepping randomly (stuck).
  4297 | D:6      | 4297 ||| Stepping randomly (stuck).
  4298 | D:6      | 4298 ||| Stepping randomly (stuck).
  4299 | D:6      | 4299 ||| Stepping randomly (stuck).
  4300 | D:6      | 4300 ||| Stepping randomly (stuck).
  4301 | D:6      | 4301 ||| Stepping randomly (stuck).
  4302 | D:6      | 4302 ||| Stepping randomly (stuck).
  4303 | D:6      | 4303 ||| Stepping randomly (stuck).
  4304 | D:6      | 4304 ||| Stepping randomly (stuck).
  4305 | D:6      | 4305 ||| Stepping randomly (stuck).
  4306 | D:6      | 4306 ||| Stepping randomly (stuck).
  4307 | D:6      | 4307 ||| Stepping randomly (stuck).
  4308 | D:6      | 4308 ||| Stepping randomly (stuck).
  4309 | D:6      | 4309 ||| Stepping randomly (stuck).
  4310 | D:6      | 4310 ||| Stepping randomly (stuck).
  4311 | D:6      | 4311 ||| Stepping randomly (stuck).
  4312 | D:6      | 4312 ||| Stepping randomly (stuck).
  4313 | D:6      | 4313 ||| Stepping randomly (stuck).
  4314 | D:6      | 4314 ||| Stepping randomly (stuck).
  4315 | D:6      | 4315 ||| Stepping randomly (stuck).
  4316 | D:6      | 4316 ||| Stepping randomly (stuck).
  4317 | D:6      | 4317 ||| Stepping randomly (stuck).
  4318 | D:6      | 4318 ||| Stepping randomly (stuck).
  4319 | D:6      | 4319 ||| Stepping randomly (stuck).
  4320 | D:6      | 4320 ||| Stepping randomly (stuck).
  4321 | D:6      | 4321 ||| Stepping randomly (stuck).
  4322 | D:6      | 4322 ||| Stepping randomly (stuck).
  4323 | D:6      | 4323 ||| Stepping randomly (stuck).
  4324 | D:6      | 4324 ||| Stepping randomly (stuck).
  4325 | D:6      | 4325 ||| Stepping randomly (stuck).
  4326 | D:6      | 4326 ||| Stepping randomly (stuck).
  4327 | D:6      | 4327 ||| Stepping randomly (stuck).
  4328 | D:6      | 4328 ||| Stepping randomly (stuck).
  4329 | D:6      | 4329 ||| Stepping randomly (stuck).
  4330 | D:6      | 4330 ||| Stepping randomly (stuck).
  4331 | D:6      | 4331 ||| Stepping randomly (stuck).
  4332 | D:6      | 4332 ||| Stepping randomly (stuck).
  4333 | D:6      | 4333 ||| Stepping randomly (stuck).
  4334 | D:6      | 4334 ||| Stepping randomly (stuck).
  4335 | D:6      | 4335 ||| Stepping randomly (stuck).
  4336 | D:6      | 4336 ||| Stepping randomly (stuck).
  4337 | D:6      | 4337 ||| Stepping randomly (stuck).
  4338 | D:6      | 4338 ||| Stepping randomly (stuck).
  4339 | D:6      | 4339 ||| Stepping randomly (stuck).
  4340 | D:6      | 4340 ||| Stepping randomly (stuck).
  4341 | D:6      | 4341 ||| Stepping randomly (stuck).
  4342 | D:6      | 4342 ||| Stepping randomly (stuck).
  4343 | D:6      | 4343 ||| Stepping randomly (stuck).
  4344 | D:6      | 4344 ||| Stepping randomly (stuck).
  4345 | D:6      | 4345 ||| Stepping randomly (stuck).
  4346 | D:6      | 4346 ||| Stepping randomly (stuck).
  4347 | D:6      | 4347 ||| Stepping randomly (stuck).
  4348 | D:6      | 4348 ||| Stepping randomly (stuck).
  4349 | D:6      | 4349 ||| Stepping randomly (stuck).
  4350 | D:6      | 4350 ||| Stepping randomly (stuck).
  4351 | D:6      | 4351 ||| Stepping randomly (stuck).
  4352 | D:6      | 4352 ||| Stepping randomly (stuck).
  4353 | D:6      | 4353 ||| Stepping randomly (stuck).
  4354 | D:6      | 4354 ||| Stepping randomly (stuck).
  4355 | D:6      | 4355 ||| Stepping randomly (stuck).
  4356 | D:6      | 4356 ||| Stepping randomly (stuck).
  4357 | D:6      | 4357 ||| Stepping randomly (stuck).
  4358 | D:6      | 4358 ||| Stepping randomly (stuck).
  4359 | D:6      | 4359 ||| Stepping randomly (stuck).
  4360 | D:6      | 4360 ||| Stepping randomly (stuck).
  4361 | D:6      | 4361 ||| Stepping randomly (stuck).
  4362 | D:6      | 4362 ||| Stepping randomly (stuck).
  4363 | D:6      | 4363 ||| Stepping randomly (stuck).
  4364 | D:6      | 4364 ||| Stepping randomly (stuck).
  4365 | D:6      | 4365 ||| Stepping randomly (stuck).
  4366 | D:6      | 4366 ||| Stepping randomly (stuck).
  4367 | D:6      | 4367 ||| Stepping randomly (stuck).
  4368 | D:6      | 4368 ||| Stepping randomly (stuck).
  4369 | D:6      | 4369 ||| Stepping randomly (stuck).
  4370 | D:6      | 4370 ||| Stepping randomly (stuck).
  4371 | D:6      | 4371 ||| Stepping randomly (stuck).
  4372 | D:6      | 4372 ||| Stepping randomly (stuck).
  4373 | D:6      | 4373 ||| Stepping randomly (stuck).
  4374 | D:6      | 4374 ||| Stepping randomly (stuck).
  4375 | D:6      | 4375 ||| Stepping randomly (stuck).
  4376 | D:6      | 4376 ||| Stepping randomly (stuck).
  4377 | D:6      | 4377 ||| Stepping randomly (stuck).
  4378 | D:6      | 4378 ||| Stepping randomly (stuck).
  4379 | D:6      | 4379 ||| Stepping randomly (stuck).
  4380 | D:6      | 4380 ||| Stepping randomly (stuck).
  4381 | D:6      | 4381 ||| Stepping randomly (stuck).
  4382 | D:6      | 4382 ||| Stepping randomly (stuck).
  4383 | D:6      | 4383 ||| Stepping randomly (stuck).
  4384 | D:6      | 4384 ||| Stepping randomly (stuck).
  4385 | D:6      | 4385 ||| Stepping randomly (stuck).
  4386 | D:6      | 4386 ||| Stepping randomly (stuck).
  4387 | D:6      | 4387 ||| Stepping randomly (stuck).
  4388 | D:6      | 4388 ||| Stepping randomly (stuck).
  4389 | D:6      | 4389 ||| Stepping randomly (stuck).
  4390 | D:6      | 4390 ||| Stepping randomly (stuck).
  4391 | D:6      | 4391 ||| Stepping randomly (stuck).
  4392 | D:6      | 4392 ||| Stepping randomly (stuck).
  4393 | D:6      | 4393 ||| Stepping randomly (stuck).
  4394 | D:6      | 4394 ||| Stepping randomly (stuck).
  4395 | D:6      | 4395 ||| Stepping randomly (stuck).
  4396 | D:6      | 4396 ||| Stepping randomly (stuck).
  4397 | D:6      | 4397 ||| Stepping randomly (stuck).
  4398 | D:6      | 4398 ||| Stepping randomly (stuck).
  4399 | D:6      | 4399 ||| Stepping randomly (stuck).
  4400 | D:6      | 4400 ||| Stepping randomly (stuck).
  4401 | D:6      | 4401 ||| Stepping randomly (stuck).
  4402 | D:6      | 4402 ||| Stepping randomly (stuck).
  4403 | D:6      | 4403 ||| Stepping randomly (stuck).
  4404 | D:6      | 4404 ||| Stepping randomly (stuck).
  4405 | D:6      | 4405 ||| Stepping randomly (stuck).
  4406 | D:6      | 4406 ||| Stepping randomly (stuck).
  4407 | D:6      | 4407 ||| Stepping randomly (stuck).
  4408 | D:6      | 4408 ||| Stepping randomly (stuck).
  4409 | D:6      | 4409 ||| Stepping randomly (stuck).
  4410 | D:6      | 4410 ||| Stepping randomly (stuck).
  4411 | D:6      | 4411 ||| Stepping randomly (stuck).
  4412 | D:6      | 4412 ||| Stepping randomly (stuck).
  4413 | D:6      | 4413 ||| Stepping randomly (stuck).
  4414 | D:6      | 4414 ||| Stepping randomly (stuck).
  4415 | D:6      | 4415 ||| Stepping randomly (stuck).
  4416 | D:6      | 4416 ||| Stepping randomly (stuck).
  4417 | D:6      | 4417 ||| Stepping randomly (stuck).
  4418 | D:6      | 4418 ||| Stepping randomly (stuck).
  4419 | D:6      | 4419 ||| Stepping randomly (stuck).
  4420 | D:6      | 4420 ||| Stepping randomly (stuck).
  4421 | D:6      | 4421 ||| Stepping randomly (stuck).
  4422 | D:6      | 4422 ||| Stepping randomly (stuck).
  4423 | D:6      | 4423 ||| Stepping randomly (stuck).
  4424 | D:6      | 4424 ||| Stepping randomly (stuck).
  4425 | D:6      | 4425 ||| Stepping randomly (stuck).
  4426 | D:6      | 4426 ||| Stepping randomly (stuck).
  4427 | D:6      | 4427 ||| Stepping randomly (stuck).
  4428 | D:6      | 4428 ||| Stepping randomly (stuck).
  4429 | D:6      | 4429 ||| Stepping randomly (stuck).
  4430 | D:6      | 4430 ||| Stepping randomly (stuck).
  4431 | D:6      | 4431 ||| Stepping randomly (stuck).
  4432 | D:6      | 4432 ||| Stepping randomly (stuck).
  4433 | D:6      | 4433 ||| Stepping randomly (stuck).
  4434 | D:6      | 4434 ||| Stepping randomly (stuck).
  4435 | D:6      | 4435 ||| Stepping randomly (stuck).
  4436 | D:6      | 4436 ||| Stepping randomly (stuck).
  4437 | D:6      | 4437 ||| Stepping randomly (stuck).
  4438 | D:6      | 4438 ||| Stepping randomly (stuck).
  4439 | D:6      | 4439 ||| Stepping randomly (stuck).
  4440 | D:6      | 4440 ||| Stepping randomly (stuck).
  4441 | D:6      | 4441 ||| Stepping randomly (stuck).
  4442 | D:6      | 4442 ||| Stepping randomly (stuck).
  4443 | D:6      | 4443 ||| Stepping randomly (stuck).
  4444 | D:6      | 4444 ||| Stepping randomly (stuck).
  4445 | D:6      | 4445 ||| Stepping randomly (stuck).
  4446 | D:6      | 4446 ||| Stepping randomly (stuck).
  4447 | D:6      | 4447 ||| Stepping randomly (stuck).
  4448 | D:6      | 4448 ||| Stepping randomly (stuck).
  4449 | D:6      | 4449 ||| Stepping randomly (stuck).
  4450 | D:6      | 4450 ||| Stepping randomly (stuck).
  4451 | D:6      | 4451 ||| Stepping randomly (stuck).
  4452 | D:6      | 4452 ||| Stepping randomly (stuck).
  4453 | D:6      | 4453 ||| Stepping randomly (stuck).
  4454 | D:6      | 4454 ||| Stepping randomly (stuck).
  4455 | D:6      | 4455 ||| Stepping randomly (stuck).
  4456 | D:6      | 4456 ||| Stepping randomly (stuck).
  4457 | D:6      | 4457 ||| Stepping randomly (stuck).
  4458 | D:6      | 4458 ||| Stepping randomly (stuck).
  4459 | D:6      | 4459 ||| Stepping randomly (stuck).
  4460 | D:6      | 4460 ||| Stepping randomly (stuck).
  4461 | D:6      | 4461 ||| Stepping randomly (stuck).
  4462 | D:6      | 4462 ||| Stepping randomly (stuck).
  4463 | D:6      | 4463 ||| Stepping randomly (stuck).
  4464 | D:6      | 4464 ||| Stepping randomly (stuck).
  4465 | D:6      | 4465 ||| Stepping randomly (stuck).
  4466 | D:6      | 4466 ||| Stepping randomly (stuck).
  4467 | D:6      | 4467 ||| Stepping randomly (stuck).
  4468 | D:6      | 4468 ||| Stepping randomly (stuck).
  4469 | D:6      | 4469 ||| Stepping randomly (stuck).
  4470 | D:6      | 4470 ||| Stepping randomly (stuck).
  4471 | D:6      | 4471 ||| Stepping randomly (stuck).
  4472 | D:6      | 4472 ||| Stepping randomly (stuck).
  4473 | D:6      | 4473 ||| Stepping randomly (stuck).
  4474 | D:6      | 4474 ||| Stepping randomly (stuck).
  4475 | D:6      | 4475 ||| Stepping randomly (stuck).
  4476 | D:6      | 4476 ||| Stepping randomly (stuck).
  4477 | D:6      | 4477 ||| Stepping randomly (stuck).
  4478 | D:6      | 4478 ||| Stepping randomly (stuck).
  4479 | D:6      | 4479 ||| Stepping randomly (stuck).
  4480 | D:6      | 4480 ||| Stepping randomly (stuck).
  4481 | D:6      | 4481 ||| Stepping randomly (stuck).
  4482 | D:6      | 4482 ||| Stepping randomly (stuck).
  4483 | D:6      | 4483 ||| Stepping randomly (stuck).
  4484 | D:6      | 4484 ||| Stepping randomly (stuck).
  4485 | D:6      | 4485 ||| Stepping randomly (stuck).
  4486 | D:6      | 4486 ||| Stepping randomly (stuck).
  4487 | D:6      | 4487 ||| Stepping randomly (stuck).
  4488 | D:6      | 4488 ||| Stepping randomly (stuck).
  4489 | D:6      | 4489 ||| Stepping randomly (stuck).
  4490 | D:6      | 4490 ||| Stepping randomly (stuck).
  4491 | D:6      | 4491 ||| Stepping randomly (stuck).
  4492 | D:6      | 4492 ||| Stepping randomly (stuck).
  4493 | D:6      | 4493 ||| Stepping randomly (stuck).
  4494 | D:6      | 4494 ||| Stepping randomly (stuck).
  4495 | D:6      | 4495 ||| Stepping randomly (stuck).
  4496 | D:6      | 4496 ||| Stepping randomly (stuck).
  4497 | D:6      | 4497 ||| Stepping randomly (stuck).
  4498 | D:6      | 4498 ||| Stepping randomly (stuck).
  4499 | D:6      | 4499 ||| Stepping randomly (stuck).
  4500 | D:6      | 4500 ||| Stepping randomly (stuck).
  4501 | D:6      | 4501 ||| Stepping randomly (stuck).
  4502 | D:6      | 4502 ||| Stepping randomly (stuck).
  4503 | D:6      | 4503 ||| Stepping randomly (stuck).
  4504 | D:6      | 4504 ||| Stepping randomly (stuck).
  4505 | D:6      | 4505 ||| Stepping randomly (stuck).
  4506 | D:6      | 4506 ||| Stepping randomly (stuck).
  4507 | D:6      | 4507 ||| Stepping randomly (stuck).
  4508 | D:6      | 4508 ||| Stepping randomly (stuck).
  4509 | D:6      | 4509 ||| Stepping randomly (stuck).
  4510 | D:6      | 4510 ||| Stepping randomly (stuck).
  4511 | D:6      | 4511 ||| Stepping randomly (stuck).
  4512 | D:6      | 4512 ||| Stepping randomly (stuck).
  4513 | D:6      | 4513 ||| Stepping randomly (stuck).
  4514 | D:6      | 4514 ||| Stepping randomly (stuck).
  4515 | D:6      | 4515 ||| Stepping randomly (stuck).
  4516 | D:6      | 4516 ||| Stepping randomly (stuck).
  4517 | D:6      | 4517 ||| Stepping randomly (stuck).
  4518 | D:6      | 4518 ||| Stepping randomly (stuck).
  4519 | D:6      | 4519 ||| Stepping randomly (stuck).
  4520 | D:6      | 4520 ||| Stepping randomly (stuck).
  4521 | D:6      | 4521 ||| Stepping randomly (stuck).
  4522 | D:6      | 4522 ||| Stepping randomly (stuck).
  4523 | D:6      | 4523 ||| Stepping randomly (stuck).
  4524 | D:6      | 4524 ||| Stepping randomly (stuck).
  4525 | D:6      | 4525 ||| Stepping randomly (stuck).
  4526 | D:6      | 4526 ||| Stepping randomly (stuck).
  4527 | D:6      | 4527 ||| Stepping randomly (stuck).
  4528 | D:6      | 4528 ||| Stepping randomly (stuck).
  4529 | D:6      | 4529 ||| Stepping randomly (stuck).
  4530 | D:6      | 4530 ||| Stepping randomly (stuck).
  4531 | D:6      | 4531 ||| Stepping randomly (stuck).
  4532 | D:6      | 4532 ||| Stepping randomly (stuck).
  4533 | D:6      | 4533 ||| Stepping randomly (stuck).
  4534 | D:6      | 4534 ||| Stepping randomly (stuck).
  4535 | D:6      | 4535 ||| Stepping randomly (stuck).
  4536 | D:6      | 4536 ||| Stepping randomly (stuck).
  4537 | D:6      | 4537 ||| Stepping randomly (stuck).
  4538 | D:6      | 4538 ||| Stepping randomly (stuck).
  4539 | D:6      | 4539 ||| Stepping randomly (stuck).
  4540 | D:6      | 4540 ||| Stepping randomly (stuck).
  4541 | D:6      | 4541 ||| Stepping randomly (stuck).
  4542 | D:6      | 4542 ||| Stepping randomly (stuck).
  4543 | D:6      | 4543 ||| Stepping randomly (stuck).
  4544 | D:6      | 4544 ||| Stepping randomly (stuck).
  4545 | D:6      | 4545 ||| Stepping randomly (stuck).
  4546 | D:6      | 4546 ||| Stepping randomly (stuck).
  4547 | D:6      | 4547 ||| Stepping randomly (stuck).
  4548 | D:6      | 4548 ||| Stepping randomly (stuck).
  4549 | D:6      | 4549 ||| Stepping randomly (stuck).
  4550 | D:6      | 4550 ||| Stepping randomly (stuck).
  4551 | D:6      | 4551 ||| Stepping randomly (stuck).
  4552 | D:6      | 4552 ||| Stepping randomly (stuck).
  4553 | D:6      | 4553 ||| Stepping randomly (stuck).
  4554 | D:6      | 4554 ||| Stepping randomly (stuck).
  4555 | D:6      | 4555 ||| Stepping randomly (stuck).
  4556 | D:6      | 4556 ||| Stepping randomly (stuck).
  4557 | D:6      | 4557 ||| Stepping randomly (stuck).
  4558 | D:6      | 4558 ||| Stepping randomly (stuck).
  4559 | D:6      | 4559 ||| Stepping randomly (stuck).
  4561 | D:6      | 4561 ||| Stepping randomly (stuck).
  4562 | D:6      | 4562 ||| Stepping randomly (stuck).
  4568 | D:6      | Reached skill level 8 in Ranged Weapons
  4568 | D:6      | 4568 ||| Stepping randomly (stuck).
  4569 | D:6      | 4569 ||| Stepping randomly (stuck).
  4570 | D:6      | 4570 ||| Stepping randomly (stuck).
  4571 | D:6      | 4571 ||| Stepping randomly (stuck).
  4572 | D:6      | 4572 ||| Stepping randomly (stuck).
  4573 | D:6      | 4573 ||| Stepping randomly (stuck).
  4574 | D:6      | 4574 ||| Stepping randomly (stuck).
  4575 | D:6      | 4575 ||| Stepping randomly (stuck).
  4576 | D:6      | 4576 ||| Stepping randomly (stuck).
  4577 | D:6      | 4577 ||| Stepping randomly (stuck).
  4578 | D:6      | 4578 ||| Stepping randomly (stuck).
  4579 | D:6      | 4579 ||| Stepping randomly (stuck).
  4580 | D:6      | 4580 ||| Stepping randomly (stuck).
  4581 | D:6      | 4581 ||| Stepping randomly (stuck).
  4582 | D:6      | 4582 ||| Stepping randomly (stuck).
  4583 | D:6      | 4583 ||| Stepping randomly (stuck).
  4584 | D:6      | 4584 ||| Stepping randomly (stuck).
  4585 | D:6      | 4585 ||| Stepping randomly (stuck).
  4586 | D:6      | 4586 ||| QUITTING!
  4586 | D:6      | Quit the game

Levels and vault maps discovered:
D:1:      amcnicky_arrival_single_pillar, layout_basic, serial_bayou,
          serial_bayou_shore_a, serial_bayou_lagoon_a, serial_bayou_shore_b,
          serial_bayou_crossing, serial_shops, nicolae_shop_advertising_works
          [nicolae_subvault_shop_adworks], shop, shop, nicolae_shop_waterfront,
          shop
D:2:      layout_loops_cross
D:3:      minmay_roachtagon, layout_rooms, serial_shops, shop,
          minmay_misc_feat_roman, uniq_terence, uniq_robin, uniq_sigmund
D:4:      layout_gridville, mainiacjoe_overflow_small_starburst,
          yredelemnul_forgotten_temple_becter, serial_shops, nicolae_shop_stone,
          serial_bayou_pond_b, uniq_pargi
D:6:      layout_gridville, kennysheep_slug_shrine,
          minmay_temple_entry_from_below_a, serial_glass, glass_columns_a,
          glass_columns_a, minmay_statues_item, hangedman_minor_gate_pass,
          uniq_maggie

Skill      XL: |  1  2  3  4  5  6  7 |
---------------+----------------------+-----
Ranged Weapons | 5 6 7 8 |  8.0
Fighting       | 3 4 |  4.0
Armour         | 1 2 |  2.3
Dodging        | |  1.5
Stealth        | |  1.1

Action                     |  1- 3 |  4- 6 |  7- 9 || total
---------------------------+-------+-------+-------++-------
   Fire: Shortbow          |    90 |   127 |    62 ||   279
    Use: Scroll            |     7 |     4 |     2 ||    13
         Potion            |     1 |       |       ||     1
 Armour: Leather armour    |    18 |    41 |       ||    59
         Ring mail         |       |     3 |     9 ||    12
  Dodge: Dodged            |    19 |    31 |     6 ||    56

Table legend:
 A = Non-vault XP
 B = Vault XP
 C = Vault XP percentage of total XP
 D = Non-vault monster count
 E = Vault monster count
 F = Vault count percentage of total count
                 A         B        C        D         E       F
            +---------+---------+-------+---------+---------+-------
      Total |     541 |     397 |  42.3 |      60 |      26 |  30.2
            +---------+---------+-------+---------+---------+-------
        D:1 |      26 |       0 |   0.0 |      15 |       0 |   0.0
        D:2 |      50 |       0 |   0.0 |      13 |       0 |   0.0
        D:3 |      44 |     312 |  87.6 |      12 |      23 |  65.7
        D:4 |     134 |      85 |  38.8 |       9 |       3 |  25.0
        D:6 |     287 |       0 |   0.0 |      11 |       0 |   0.0
            +---------+---------+-------+---------+---------+-------
